Workbook

Sheet Sheet3
A1: AY 19-20 SKU | B1: Alt Item Description | C1: VENDOR | D1: AY 18-19 ALT
A2: 9565886 | B2: DESKPAD,AY,STND,CONTEMPO | C2: =VLOOKUP($A2,[1]By_SKU!$A$5:$J$55,10,FALSE) -> ACCO BRANDS CORP | D2: 850118 | F2: =VLOOKUP($A2,'[2]Retail Mix'!$A$4:$AE$291,21,FALSE) -> DESK PADS | G2: =VLOOKUP($A2,'[2]Retail Mix'!$A$4:$AE$291,30,FALSE) -> CONTEMPO | H2: =VLOOKUP($A2,'[2]Retail Mix'!$A$4:$AE$291,31,FALSE) -> CONSERVATIVE STYLE
A3: 9566269 | B3: PLANNER,HARMONY,WM,LG,BRY | C3: =VLOOKUP($A3,[1]By_SKU!$A$5:$J$55,10,FALSE) -> ACCO BRANDS CORP | D3: 610217 | F3: =VLOOKUP(A3,'[2]Retail Mix'!$A$4:$AE$291,21,FALSE) -> APPT. BOOKS/PLANNERS | G3: =VLOOKUP($A3,'[2]Retail Mix'!$A$4:$AE$291,30,FALSE) -> HARMONY | H3: =VLOOKUP($A3,'[2]Retail Mix'!$A$4:$AE$291,31,FALSE) -> CONSERVATIVE STYLE | I3: =VLOOKUP(A3,'[2]BSD Mix'!$A$4:$AJ$171,36,FALSE) -> LARGE
A4: 9566292 | B4: PLANNER,HARMONY,DM,MED,BRY | C4: =VLOOKUP($A4,[1]By_SKU!$A$5:$J$55,10,FALSE) -> ACCO BRANDS CORP | D4: 523515 | F4: =VLOOKUP(A4,'[2]Retail Mix'!$A$4:$AE$291,21,FALSE) -> APPT. BOOKS/PLANNERS | G4: =VLOOKUP($A4,'[2]Retail Mix'!$A$4:$AE$291,30,FALSE) -> HARMONY | H4: =VLOOKUP($A4,'[2]Retail Mix'!$A$4:$AE$291,31,FALSE) -> CONSERVATIVE STYLE | I4: =VLOOKUP(A4,'[2]BSD Mix'!$A$4:$AJ$171,36,FALSE) -> MEDIUM
A5: 6997013 | B5: BUTTERCUP,SMALL,WEEKLY/MONTHLY | C5: =VLOOKUP($A5,[1]By_SKU!$A$5:$J$55,10,FALSE) -> ACCO BRANDS CORP | D5: 249244 | F5: =VLOOKUP(A5,'[2]Retail Mix'!$A$4:$AE$291,21,FALSE) -> APPT. BOOKS/PLANNERS | G5: =VLOOKUP($A5,'[2]Retail Mix'!$A$4:$AE$291,30,FALSE) -> Buttercup | H5: =VLOOKUP($A5,'[2]Retail Mix'!$A$4:$AE$291,31,FALSE) -> DESIGN | I5: =VLOOKUP(A5,'[2]BSD Mix'!$A$4:$AJ$171,36,FALSE) -> SMALL
A6: 6995270 | B6: BADGE,STRIPE,2,YR,PLANNER | C6: =VLOOKUP($A6,[1]By_SKU!$A$5:$J$55,10,FALSE) -> ACCO BRANDS CORP | D6: 397931 | F6: =VLOOKUP(A6,'[2]Retail Mix'!$A$4:$AE$291,21,FALSE) -> APPT. BOOKS/PLANNERS | G6: =VLOOKUP($A6,'[2]Retail Mix'!$A$4:$AE$291,30,FALSE) -> BADGE STRIPE | H6: =VLOOKUP($A6,'[2]Retail Mix'!$A$4:$AE$291,31,FALSE) -> DESIGN | I6: =VLOOKUP(A6,'[2]BSD Mix'!$A$4:$AJ$171,36,FALSE) -> POCKET
A7: 6995627 | B7: IVORY,ELLA,SMALL,POLY,W/M | C7: =VLOOKUP($A7,[1]By_SKU!$A$5:$J$55,10,FALSE) -> ACCO BRANDS CORP | D7: 249244 | F7: =VLOOKUP(A7,'[2]Retail Mix'!$A$4:$AE$291,21,FALSE) -> APPT. BOOKS/PLANNERS | G7: =VLOOKUP($A7,'[2]Retail Mix'!$A$4:$AE$291,30,FALSE) -> Ivory Ella | H7: =VLOOKUP($A7,'[2]Retail Mix'!$A$4:$AE$291,31,FALSE) -> DESIGN | I7: =VLOOKUP(A7,'[2]BSD Mix'!$A$4:$AJ$171,36,FALSE) -> SMALL
A8: 6995645 | B8: IVORY,ELLA,LRG,W/M,POLY | C8: =VLOOKUP($A8,[1]By_SKU!$A$5:$J$55,10,FALSE) -> ACCO BRANDS CORP | D8: 870500 | F8: =VLOOKUP(A8,'[2]Retail Mix'!$A$4:$AE$291,21,FALSE) -> APPT. BOOKS/PLANNERS | G8: =VLOOKUP($A8,'[2]Retail Mix'!$A$4:$AE$291,30,FALSE) -> Ivory Ella | H8: =VLOOKUP($A8,'[2]Retail Mix'!$A$4:$AE$291,31,FALSE) -> DESIGN | I8: =VLOOKUP(A8,'[2]BSD Mix'!$A$4:$AJ$171,36,FALSE) -> LARGE
A9: 9360274 | B9: PLANNER,WK/MTH,AY19-20 | C9: =VLOOKUP($A9,[1]By_SKU!$A$5:$J$55,10,FALSE) -> ACCO BRANDS CORP | D9: 745842 | F9: =VLOOKUP(A9,'[2]Retail Mix'!$A$4:$AE$291,21,FALSE) -> APPT. BOOKS/PLANNERS | G9: =VLOOKUP($A9,'[2]Retail Mix'!$A$4:$AE$291,30,FALSE) -> DEEP GREEN | H9: =VLOOKUP($A9,'[2]Retail Mix'!$A$4:$AE$291,31,FALSE) -> CONSERVATIVE | I9: =VLOOKUP(A9,'[2]BSD Mix'!$A$4:$AJ$171,36,FALSE) -> LARGE
A10: 8836815 | B10: PLANNER,8.5X11,DOTS,AY20,WM | C10: =VLOOKUP($A10,[1]By_SKU!$A$5:$J$55,10,FALSE) -> BLUE SKY COLOR OF IMAGINATION | D10: 789449
A11: 8767176 | B11: PLANNER,DPGREEN,WM,MED,BLACK | C11: =VLOOKUP($A11,[1]By_SKU!$A$5:$J$55,10,FALSE) -> ACCO BRANDS CORP | D11: 649763 | F11: =VLOOKUP(A11,'[2]Retail Mix'!$A$4:$AE$291,21,FALSE) -> APPT. BOOKS/PLANNERS | G11: =VLOOKUP($A11,'[2]Retail Mix'!$A$4:$AE$291,30,FALSE) -> DEEP GREEN | H11: =VLOOKUP($A11,'[2]Retail Mix'!$A$4:$AE$291,31,FALSE) -> CONSERVATIVE | I11: =VLOOKUP(A11,'[2]BSD Mix'!$A$4:$AJ$171,36,FALSE) -> MEDIUM
A12: 8767438 | B12: PLANNER,AAGCORE,WKLY,PKT,BLACK | C12: =VLOOKUP($A12,[1]By_SKU!$A$5:$J$55,10,FALSE) -> ACCO BRANDS CORP | D12: 649763 | F12: =VLOOKUP(A12,'[2]Retail Mix'!$A$4:$AE$291,21,FALSE) -> APPT. BOOKS/PLANNERS | G12: =VLOOKUP($A12,'[2]Retail Mix'!$A$4:$AE$291,30,FALSE) -> DAYMINDER | H12: =VLOOKUP($A12,'[2]Retail Mix'!$A$4:$AE$291,31,FALSE) -> CONSERVATIVE | I12: =VLOOKUP(A12,'[2]BSD Mix'!$A$4:$AJ$171,36,FALSE) -> POCKET
A13: 8767600 | B13: PLANNER,TEACHER,WM,LG,NVY | C13: =VLOOKUP($A13,[1]By_SKU!$A$5:$J$55,10,FALSE) -> ACCO BRANDS CORP | D13: 485738 | F13: =VLOOKUP(A13,'[2]Retail Mix'!$A$4:$AE$291,21,FALSE) -> APPT. BOOKS/PLANNERS | G13: =VLOOKUP($A13,'[2]Retail Mix'!$A$4:$AE$291,30,FALSE) -> Teacher Planning | H13: =VLOOKUP($A13,'[2]Retail Mix'!$A$4:$AE$291,31,FALSE) -> CONSERVATIVE | I13: =VLOOKUP(A13,'[2]BSD Mix'!$A$4:$AJ$171,36,FALSE) -> LARGE
A14: 8767861 | B14: PLANNER,NOTETKR,MNTH,MED,BLK | C14: =VLOOKUP($A14,[1]By_SKU!$A$5:$J$55,10,FALSE) -> ACCO BRANDS CORP | D14: 649763 | F14: =VLOOKUP(A14,'[2]Retail Mix'!$A$4:$AE$291,21,FALSE) -> APPT. BOOKS/PLANNERS | G14: =VLOOKUP($A14,'[2]Retail Mix'!$A$4:$AE$291,30,FALSE) -> Notetaker | H14: =VLOOKUP($A14,'[2]Retail Mix'!$A$4:$AE$291,31,FALSE) -> CONSERVATIVE | I14: =VLOOKUP(A14,'[2]BSD Mix'!$A$4:$AJ$171,36,FALSE) -> MEDIUM
A15: 8767943 | B15: PLANNER,NOTETKR,WM,LG,BLACK | C15: =VLOOKUP($A15,[1]By_SKU!$A$5:$J$55,10,FALSE) -> ACCO BRANDS CORP | D15: 745842 | F15: =VLOOKUP(A15,'[2]Retail Mix'!$A$4:$AE$291,21,FALSE) -> APPT. BOOKS/PLANNERS | G15: =VLOOKUP($A15,'[2]Retail Mix'!$A$4:$AE$291,30,FALSE) -> Notetaker | H15: =VLOOKUP($A15,'[2]Retail Mix'!$A$4:$AE$291,31,FALSE) -> CONSERVATIVE | I15: =VLOOKUP(A15,'[2]BSD Mix'!$A$4:$AJ$171,36,FALSE) -> LARGE
A16: 9562093 | B16: WALL,CAL,SWEETGEO,11X8,AY20,M | C16: =VLOOKUP($A16,[1]By_SKU!$A$5:$J$55,10,FALSE) -> BLUE SKY COLOR OF IMAGINATION | D16: 513471
A17: 8602971 | B17: PLANNER,LVLYMN,8X10,AY20,WM | C17: =VLOOKUP($A17,[1]By_SKU!$A$5:$J$55,10,FALSE) -> BLUE SKY COLOR OF IMAGINATION | D17: 166739
A18: 8603152 | B18: PLANNER,LVLYMN,6X8,AY20,WM | C18: =VLOOKUP($A18,[1]By_SKU!$A$5:$J$55,10,FALSE) -> BLUE SKY COLOR OF IMAGINATION | D18: 977102
A19: 8603243 | B19: PLANNER,NWPKSP,8X10,AY20,DM | C19: =VLOOKUP($A19,[1]By_SKU!$A$5:$J$55,10,FALSE) -> BLUE SKY COLOR OF IMAGINATION | D19: 166739
A20: 9562351 | B20: PLANNER,ANTIGUA,8.5X11,AY20,WM | C20: =VLOOKUP($A20,[1]By_SKU!$A$5:$J$55,10,FALSE) -> BLUE SKY COLOR OF IMAGINATION | D20: 892763
A21: 8603890 | B21: PADFOLIO,8.5X11,NAVY,NONDATED | C21: =VLOOKUP($A21,[1]By_SKU!$A$5:$J$55,10,FALSE) -> BLUE SKY COLOR OF IMAGINATION | D21: 831797 | F21: =VLOOKUP(A21,'[2]Retail Mix'!$A$4:$AE$291,21,FALSE) -> ACCESSORIES | G21: =VLOOKUP($A21,'[2]Retail Mix'!$A$4:$AE$291,30,FALSE) -> DD NAVY | H21: =VLOOKUP($A21,'[2]Retail Mix'!$A$4:$AE$291,31,FALSE) -> DESIGN
A22: 9562484 | B22: PLANNER,SWEET,8.5X11,AY20,WM | C22: =VLOOKUP($A22,[1]By_SKU!$A$5:$J$55,10,FALSE) -> BLUE SKY COLOR OF IMAGINATION | D22: 185741
A23: 9562661 | B23: PLANNER,SMMR,8.5X11,AY20,WM | C23: =VLOOKUP($A23,[1]By_SKU!$A$5:$J$55,10,FALSE) -> BLUE SKY COLOR OF IMAGINATION | D23: 789449
A24: 9562724 | B24: DESKPAD,NEWPNKSTR,22X17,AY20,M | C24: =VLOOKUP($A24,[1]By_SKU!$A$5:$J$55,10,FALSE) -> BLUE SKY COLOR OF IMAGINATION | D24: 167057
A25: 8604356 | B25: DESKPAD,ANTIGUA,17X11,AY20,M | C25: =VLOOKUP($A25,[1]By_SKU!$A$5:$J$55,10,FALSE) -> BLUE SKY COLOR OF IMAGINATION | D25: 737321
A26: 6994619 | B26: CALENDER,EMILY,LEY,15X12,WALL, | C26: =VLOOKUP($A26,[1]By_SKU!$A$5:$J$55,10,FALSE) -> ACCO BRANDS CORP | D26: 302873 | F26: =VLOOKUP(A26,'[2]Retail Mix'!$A$4:$AE$291,21,FALSE) -> WALL CALENDARS | G26: =VLOOKUP($A26,'[2]Retail Mix'!$A$4:$AE$291,30,FALSE) -> EMILY LEY | H26: =VLOOKUP($A26,'[2]Retail Mix'!$A$4:$AE$291,31,FALSE) -> DESIGN | I26: =VLOOKUP(A26,'[2]BSD Mix'!$A$4:$AJ$171,36,FALSE) -> MEDIUM
A27: 8768281 | B27: WALL,AY,SMALL,EMILYLEY | C27: =VLOOKUP($A27,[1]By_SKU!$A$5:$J$55,10,FALSE) -> ACCO BRANDS CORP | D27: 302873 | F27: =VLOOKUP(A27,'[2]Retail Mix'!$A$4:$AE$291,21,FALSE) -> WALL CALENDARS | G27: =VLOOKUP($A27,'[2]Retail Mix'!$A$4:$AE$291,30,FALSE) -> EMILY LEY | H27: =VLOOKUP($A27,'[2]Retail Mix'!$A$4:$AE$291,31,FALSE) -> DESIGN | I27: =VLOOKUP(A27,'[2]BSD Mix'!$A$4:$AJ$171,36,FALSE) -> SMALL
A28: 8768369 | B28: PLANNER,EMILYLEY,WM,MED,PNK | C28: =VLOOKUP($A28,[1]By_SKU!$A$5:$J$55,10,FALSE) -> ACCO BRANDS CORP | D28: 722351 | F28: =VLOOKUP(A28,'[2]Retail Mix'!$A$4:$AE$291,21,FALSE) -> APPT. BOOKS/PLANNERS | G28: =VLOOKUP($A28,'[2]Retail Mix'!$A$4:$AE$291,30,FALSE) -> EMILY LEY | H28: =VLOOKUP($A28,'[2]Retail Mix'!$A$4:$AE$291,31,FALSE) -> DESIGN | I28: =VLOOKUP(A28,'[2]BSD Mix'!$A$4:$AJ$171,36,FALSE) -> MEDIUM
A29: 6995452 | B29: EMILY,LEY,SMALL,WM,PINEAPPLE | C29: =VLOOKUP($A29,[1]By_SKU!$A$5:$J$55,10,FALSE) -> ACCO BRANDS CORP | D29: 169613 | F29: =VLOOKUP(A29,'[2]Retail Mix'!$A$4:$AE$291,21,FALSE) -> APPT. BOOKS/PLANNERS | G29: =VLOOKUP($A29,'[2]Retail Mix'!$A$4:$AE$291,30,FALSE) -> EMILY LEY | H29: =VLOOKUP($A29,'[2]Retail Mix'!$A$4:$AE$291,31,FALSE) -> DESIGN | I29: =VLOOKUP(A29,'[2]BSD Mix'!$A$4:$AJ$171,36,FALSE) -> SMALL
A30: 8768779 | B30: PLANNER,EMILYLEY,M,LRG,NVY | C30: =VLOOKUP($A30,[1]By_SKU!$A$5:$J$55,10,FALSE) -> ACCO BRANDS CORP | D30: 725822 | F30: =VLOOKUP(A30,'[2]Retail Mix'!$A$4:$AE$291,21,FALSE) -> APPT. BOOKS/PLANNERS | G30: =VLOOKUP($A30,'[2]Retail Mix'!$A$4:$AE$291,30,FALSE) -> EMILY LEY | H30: =VLOOKUP($A30,'[2]Retail Mix'!$A$4:$AE$291,31,FALSE) -> DESIGN | I30: =VLOOKUP(A30,'[2]BSD Mix'!$A$4:$AJ$171,36,FALSE) -> LARGE
A31: 8768804 | B31: DESKPAD,AY,COMPACT,EMILYLEY | C31: =VLOOKUP($A31,[1]By_SKU!$A$5:$J$55,10,FALSE) -> ACCO BRANDS CORP | D31: 454217 | F31: =VLOOKUP(A31,'[2]Retail Mix'!$A$4:$AE$291,21,FALSE) -> DESK PADS | G31: =VLOOKUP($A31,'[2]Retail Mix'!$A$4:$AE$291,30,FALSE) -> EMILY LEY | H31: =VLOOKUP($A31,'[2]Retail Mix'!$A$4:$AE$291,31,FALSE) -> DESIGN | I31: =VLOOKUP(A31,'[2]BSD Mix'!$A$4:$AJ$171,36,FALSE) -> COMPACT
A32: 6997163 | B32: EMILY,LEY,LG,WM,POLY,PLNR,HPY | C32: =VLOOKUP($A32,[1]By_SKU!$A$5:$J$55,10,FALSE) -> ACCO BRANDS CORP | D32: 722351 | F32: =VLOOKUP(A32,'[2]Retail Mix'!$A$4:$AE$291,21,FALSE) -> APPT. BOOKS/PLANNERS | G32: =VLOOKUP($A32,'[2]Retail Mix'!$A$4:$AE$291,30,FALSE) -> EMILY LEY | H32: =VLOOKUP($A32,'[2]Retail Mix'!$A$4:$AE$291,31,FALSE) -> DESIGN | I32: =VLOOKUP(A32,'[2]BSD Mix'!$A$4:$AJ$171,36,FALSE) -> LARGE
A33: 6995493 | B33: EMILY,LEY,SMALL,WM,HARDCOVER | C33: =VLOOKUP($A33,[1]By_SKU!$A$5:$J$55,10,FALSE) -> ACCO BRANDS CORP | D33: 169613 | F33: =VLOOKUP(A33,'[2]Retail Mix'!$A$4:$AE$291,21,FALSE) -> APPT. BOOKS/PLANNERS | G33: =VLOOKUP($A33,'[2]Retail Mix'!$A$4:$AE$291,30,FALSE) -> EMILY LEY | H33: =VLOOKUP($A33,'[2]Retail Mix'!$A$4:$AE$291,31,FALSE) -> DESIGN | I33: =VLOOKUP(A33,'[2]BSD Mix'!$A$4:$AJ$171,36,FALSE) -> SMALL
A34: 8771732 | B34: PLANNER,SJW,WM,LRG,HRT | C34: =VLOOKUP($A34,[1]By_SKU!$A$5:$J$55,10,FALSE) -> ACCO BRANDS CORP | D34: 693386 | F34: =VLOOKUP(A34,'[2]Retail Mix'!$A$4:$AE$291,21,FALSE) -> APPT. BOOKS/PLANNERS | G34: =VLOOKUP($A34,'[2]Retail Mix'!$A$4:$AE$291,30,FALSE) -> SEE JANE WORK | H34: =VLOOKUP($A34,'[2]Retail Mix'!$A$4:$AE$291,31,FALSE) -> DESIGN | I34: =VLOOKUP(A34,'[2]BSD Mix'!$A$4:$AJ$171,36,FALSE) -> LARGE
A35: 8771759 | B35: PLANNER,SJW,WM,SM,HRT | C35: =VLOOKUP($A35,[1]By_SKU!$A$5:$J$55,10,FALSE) -> ACCO BRANDS CORP | D35: 356345 | F35: =VLOOKUP(A35,'[2]Retail Mix'!$A$4:$AE$291,21,FALSE) -> APPT. BOOKS/PLANNERS | G35: =VLOOKUP($A35,'[2]Retail Mix'!$A$4:$AE$291,30,FALSE) -> SEE JANE WORK | H35: =VLOOKUP($A35,'[2]Retail Mix'!$A$4:$AE$291,31,FALSE) -> DESIGN | I35: =VLOOKUP(A35,'[2]BSD Mix'!$A$4:$AJ$171,36,FALSE) -> SMALL
A36: 8771820 | B36: PLANNER,SJW,WM,SM,ROSE | C36: =VLOOKUP($A36,[1]By_SKU!$A$5:$J$55,10,FALSE) -> ACCO BRANDS CORP | D36: 340815 | F36: =VLOOKUP(A36,'[2]Retail Mix'!$A$4:$AE$291,21,FALSE) -> APPT. BOOKS/PLANNERS | G36: =VLOOKUP($A36,'[2]Retail Mix'!$A$4:$AE$291,30,FALSE) -> SEE JANE WORK | H36: =VLOOKUP($A36,'[2]Retail Mix'!$A$4:$AE$291,31,FALSE) -> DESIGN | I36: =VLOOKUP(A36,'[2]BSD Mix'!$A$4:$AJ$171,36,FALSE) -> LARGE
A37: 8771937 | B37: PLANNER,SJW,WM,SM,ROSE | C37: =VLOOKUP($A37,[1]By_SKU!$A$5:$J$55,10,FALSE) -> ACCO BRANDS CORP | D37: 647972 | F37: =VLOOKUP(A37,'[2]Retail Mix'!$A$4:$AE$291,21,FALSE) -> APPT. BOOKS/PLANNERS | G37: =VLOOKUP($A37,'[2]Retail Mix'!$A$4:$AE$291,30,FALSE) -> SEE JANE WORK | H37: =VLOOKUP($A37,'[2]Retail Mix'!$A$4:$AE$291,31,FALSE) -> DESIGN | I37: =VLOOKUP(A37,'[2]BSD Mix'!$A$4:$AJ$171,36,FALSE) -> SMALL
A38: 8771981 | B38: STICKERS,SJW,SM,MULTI | C38: =VLOOKUP($A38,[1]By_SKU!$A$5:$J$55,10,FALSE) -> ACCO BRANDS CORP | D38: 302873 | F38: =VLOOKUP(A38,'[2]Retail Mix'!$A$4:$AE$291,21,FALSE) -> ACCESSORIES | G38: =VLOOKUP($A38,'[2]Retail Mix'!$A$4:$AE$291,30,FALSE) -> SEE JANE WORK | H38: =VLOOKUP($A38,'[2]Retail Mix'!$A$4:$AE$291,31,FALSE) -> DESIGN
A39: 8772016 | B39: DESKPAD,AY,MINI,SEEJANEWORK | C39: =VLOOKUP($A39,[1]By_SKU!$A$5:$J$55,10,FALSE) -> ACCO BRANDS CORP | D39: 454217 | F39: =VLOOKUP(A39,'[2]Retail Mix'!$A$4:$AE$291,21,FALSE) -> DESK PADS | G39: =VLOOKUP($A39,'[2]Retail Mix'!$A$4:$AE$291,30,FALSE) -> SEE JANE WORK | H39: =VLOOKUP($A39,'[2]Retail Mix'!$A$4:$AE$291,31,FALSE) -> DESIGN | I39: =VLOOKUP(A39,'[2]BSD Mix'!$A$4:$AJ$171,36,FALSE) -> MINI
A40: 8772096 | B40: WALL,AY,MED,SEEJANEWORK | C40: =VLOOKUP($A40,[1]By_SKU!$A$5:$J$55,10,FALSE) -> ACCO BRANDS CORP | D40: 302873 | F40: =VLOOKUP(A40,'[2]Retail Mix'!$A$4:$AE$291,21,FALSE) -> WALL CALENDARS | G40: =VLOOKUP($A40,'[2]Retail Mix'!$A$4:$AE$291,30,FALSE) -> SEE JANE WORK | H40: =VLOOKUP($A40,'[2]Retail Mix'!$A$4:$AE$291,31,FALSE) -> DESIGN | I40: =VLOOKUP(A40,'[2]BSD Mix'!$A$4:$AJ$171,36,FALSE) -> MEDIUM
A41: 8772142 | B41: NOTEPAD,UN,SMALL,SEEJANEWORK | C41: =VLOOKUP($A41,[1]By_SKU!$A$5:$J$55,10,FALSE) -> ACCO BRANDS CORP | D41: 630350 | F41: =VLOOKUP(A41,'[2]Retail Mix'!$A$4:$AE$291,21,FALSE) -> MOUSEPAD/NOTEPAD | G41: =VLOOKUP($A41,'[2]Retail Mix'!$A$4:$AE$291,30,FALSE) -> SEE JANE WORK | H41: =VLOOKUP($A41,'[2]Retail Mix'!$A$4:$AE$291,31,FALSE) -> DESIGN
A42: 8772224 | B42: NOTEPAD,UN,SMALL,SEEJANEWORK | C42: =VLOOKUP($A42,[1]By_SKU!$A$5:$J$55,10,FALSE) -> ACCO BRANDS CORP | D42: 630350 | F42: =VLOOKUP(A42,'[2]Retail Mix'!$A$4:$AE$291,21,FALSE) -> MOUSEPAD/NOTEPAD | G42: =VLOOKUP($A42,'[2]Retail Mix'!$A$4:$AE$291,30,FALSE) -> SEE JANE WORK | H42: =VLOOKUP($A42,'[2]Retail Mix'!$A$4:$AE$291,31,FALSE) -> DESIGN
A43: 7101327 | B43: PLANNER,8X11,AY20,WM | C43: =VLOOKUP($A43,[1]By_SKU!$A$5:$J$55,10,FALSE) -> BLUE SKY COLOR OF IMAGINATION | D43: 387347
A44: 9565235 | B44: WALL,CALL,MAHALO,11X8,AY20,M | C44: =VLOOKUP($A44,[1]By_SKU!$A$5:$J$55,10,FALSE) -> BLUE SKY COLOR OF IMAGINATION | D44: 513471
A45: 5953655 | B45: PLANNER,8X11,AY20,WM | C45: =VLOOKUP($A45,[1]By_SKU!$A$5:$J$55,10,FALSE) -> BLUE SKY COLOR OF IMAGINATION | D45: 332447
A46: 9294315 | B46: WALLCAL,15X12,DOTS,AY20,M | C46: =VLOOKUP($A46,[1]By_SKU!$A$5:$J$55,10,FALSE) -> BLUE SKY COLOR OF IMAGINATION | D46: 170282
A47: 9565239 | B47: DESKPAD,STRIPES,22X17,AY20,M | C47: =VLOOKUP($A47,[1]By_SKU!$A$5:$J$55,10,FALSE) -> BLUE SKY COLOR OF IMAGINATION | D47: 510699
A48: 9565277 | B48: WALL,CALL,STRIPES,11X8,AY20,M | C48: =VLOOKUP($A48,[1]By_SKU!$A$5:$J$55,10,FALSE) -> BLUE SKY COLOR OF IMAGINATION | D48: 170282
A49: 1550217 | B49: WALLCAL,15X12,DOTS,AY20,M | C49: =VLOOKUP($A49,[1]By_SKU!$A$5:$J$55,10,FALSE) -> BLUE SKY COLOR OF IMAGINATION | D49: 170282
A50: 9186037 | B50: PLANNER,8.5X11,OLLIE,AY20,WM | C50: =VLOOKUP($A50,[1]By_SKU!$A$5:$J$55,10,FALSE) -> BLUE SKY COLOR OF IMAGINATION | D50: 167057
A51: 9565427 | B51: PLANNER,COLLGT,8.5X11,AY20,WM | C51: =VLOOKUP($A51,[1]By_SKU!$A$5:$J$55,10,FALSE) -> BLUE SKY COLOR OF IMAGINATION | D51: 185741
A52: 9565547 | B52: PLANNER,COLLEGIATE,5X8,AY20,WM | C52: =VLOOKUP($A52,[1]By_SKU!$A$5:$J$55,10,FALSE) -> BLUE SKY COLOR OF IMAGINATION | D52: 185741

Sheet Q3-18 ODS Master-Final
A1: CURRENT SKU INFORMATION | L1: GO FORWARD SKU (Alt) INFORMATION | U1: ALT ATTRIBUTES | AF1: CURRENT SKU ATTRIBUTES | AP1: Master Subsell | AT1: MERCH OPS
A2: Dept | B2: Dept Name | C2: DMD | D2: Current SKU | E2: Current Item Description | F2: Current UOM | G2: Current QPU | H2: Current Class | I2: Current Class Name | J2: Current Primary Vendor | K2: Current Primary Vendor Name | L2: Go Forward SKU (Alt) | M2: RMS ALT | N2: Alt Dept | O2: Dept Match | P2: Alt Item Description | Q2: Alt UOM | R2: Alt QPU | S2: Alt Primary Vendor | T2: Alt Primary Vendor Name | U2: Alt Procurement Flag | V2: Alt WS Flag | W2: Alt VW Flag | X2: Alt Private Brand Flag | Y2: ODS Alt 3rd Pty Support? | Z2: Alt Disco at Item Level | AA2: Alt Proprietary | AB2: BSD29 Page | AC2: BB19 Page | AD2: Merchant Intent | AE2: Alt Stocking Bucket | AF2: R52 Orig Item Contract Sales | AG2: Sales >500.00? | AH2: Contracts (Orig item) | AI2: NASPO | AJ2: Vendor Disco (Org Item) | AK2: Current Private Brand Flag | AL2: Current Business Select | AM2: BSD 2019 Page | AN2: BB19 Page | AO2: Current Proprietary | AP2: Is Org Master | AQ2: Subsell | AR2: Is Subsell in Event | AS2: Source File | AT2: ISSUES | AU2: Ops Comments | AV2: ACTION NEEDED
A3: 43 | B3: BREAKROOM | C3: Michael Davis | D3: 623006 | E3: CHIPS,FRITO,VARIETY,30PK | F3: PK | G3: 30 | H3: 813 | I3: FOOD | J3: 7227 | K3: VISTAR CORP | L3: Need Alt - Sales > $500 | O3: N/A | AF3: 735555.61 | AG3: Y | AH3: 373 | AI3: N | AJ3: N | AK3: N | AM3: 395 | AO3: N | AP3: N | AQ3: N/A | AR3: N/A | AS3: SharePoint Removes | AT3: X | AU3: Orginal SKU is part of the BSD29 Catalog | AV3: Determing if original SKU should stay in the event - if so, REQUIRES ALT
A4: 66 | B4: BUSINESS MACHINES | C4: Tina Pruitt Bashiri | D4: 790821 | E4: CALCULATOR,PRINTING,HR-100TM | F4: EA | G4: 1 | H4: 223 | I4: CALCULATORS | J4: 1063905 | K4: CASIO AMERICA INC | L4: 207581 | M4: N | N4: 66 | O4: okay | P4: CALCULATOR,PRINT,HR100CL,2CLR | Q4: EA | R4: 1 | S4: 586 | T4: CASIO AMERICA INC | U4: X | V4: N | W4: N | X4: N | Y4: N | Z4: Y | AA4: N | AD4: Not in BSD Master | AE4: Not in Stocking Strategy | AF4: 352817.2 | AG4: Y | AH4: 440 | AI4: N | AJ4: N | AK4: N | AO4: N | AP4: N | AQ4: N/A | AR4: N/A | AS4: SharePoint Removes | AT4: X | AU4: ALT SKU is Discontinued at Item Level | AV4: Provide New Alt SKU OR Reactivate Alt SKU
A5: 43 | B5: BREAKROOM | C5: Michael Davis | D5: 509237 | E5: WELCH,MIXED,FRUITS SNACKS,66CT | F5: EA | G5: 1 | H5: 813 | I5: FOOD | J5: 1060404 | K5: G AND J HOLDINGS LLC | L5: Need Alt - Sales > $500 | O5: N/A | AF5: 256508.24 | AG5: Y | AH5: 42 | AI5: N | AJ5: N | AK5: N | AO5: N | AP5: N | AQ5: N/A | AR5: N/A | AS5: SharePoint Removes | AT5: X | AU5: Need Alt - Sales > $500.00 | AV5: Provide Alt SKU
A6: 1 | B6: FURNITURE | C6: Open | D6: 532059 | E6: CLOCK,13-3/4",QUARTZ,CONTRACT | F6: EA | G6: 1 | H6: 697 | I6: OFFICE DECOR | J6: 455056 | K6: CHICAGO LIGHTHOUSE IND | L6: 706685 | M6: N | N6: 1 | O6: okay | P6: WALL CLOCK,14",EASY TO READ | Q6: EA | R6: 1 | S6: 1002430 | T6: MZ BERGER & COMPANY INC | U6: N | V6: N | W6: N | X6: Y | Y6: N | Z6: N | AA6: N | AB6: 334 | AC6: 232 | AD6: Do not remove | AE6: Essential 60K | AF6: 252213.61 | AG6: Y | AH6: 251 | AI6: N | AJ6: N | AK6: N | AO6: N | AP6: N | AQ6: N/A | AR6: N/A | AS6: SharePoint Removes | AT6: good | AU6: n/a | AV6: n/a
A7: 43 | B7: BREAKROOM | C7: Michael Davis | D7: 840892 | E7: BREWER,BRSTA ESPRSO,FLVA | F7: EA | G7: 1 | H7: 809 | I7: COFFEE & CONDIMENTS | J7: 450983 | K7: VISTAR CORP | L7: 991466 | M7: N | N7: 43 | O7: okay | P7: BREWER,FLAVIA CREATION 500 | Q7: EA | R7: 1 | S7: 450983 | T7: VISTAR CORP | U7: D | V7: Y | W7: N | X7: N | Y7: Y | Z7: N | AA7: N | AB7: 378 | AD7: Remove | AE7: Disco / Merch Remove | AF7: 251766.58 | AG7: Y | AH7: 111 | AI7: Y | AJ7: N | AK7: N | AM7: 378 | AO7: N | AP7: N | AQ7: N/A | AR7: N/A | AS7: SharePoint Removes | AT7: X | AU7: Alt SKU is Remove in BSD master | AV7: Determing if original SKU should stay in the event - if so, Provide New Alt SKU OR Add submit existing Alt SKU as an add via Sharepoint
A8: 43 | B8: BREAKROOM | C8: Michael Davis | D8: 678459 | E8: SKINNY,POP,100 CALORIE,20CT | F8: EA | G8: 1 | H8: 813 | I8: FOOD | J8: 1060404 | K8: G AND J HOLDINGS LLC | L8: Need Alt - Sales > $500 | O8: N/A | AF8: 219916.07 | AG8: Y | AH8: 50 | AI8: N | AJ8: N | AK8: N | AO8: N | AP8: N | AQ8: N/A | AR8: N/A | AS8: SharePoint Removes | AT8: X | AU8: Need Alt - Sales > $500.00 | AV8: Provide Alt SKU
A9: 47 | B9: CLEAN/PERSONAL CARE | C9: Michael Davis | D9: 9688900 | E9: HWN TROP SHAMPOO 144 | F9: CT | G9: 144 | H9: 806 | I9: CLEANING SUPPLIES | J9: 1002312 | K9: HOTEL EMPORIUM INC | L9: Need Alt - Sales > $500 | O9: N/A | AF9: 160103.16 | AG9: Y | AH9: 15 | AI9: N | AJ9: N | AK9: N | AO9: N | AP9: Y | AQ9: 4979639 | AR9: N | AS9: Previous Event Alt Now Remove | AT9: X | AU9: Need Alt - Sales > $500.00 | AV9: Provide Alt SKU
A10: 85 | B10: STORAGE | C10: Tina Pruitt Bashiri | D10: 420346 | E10: BOX,OMNI,6.5QT,4PK | F10: PK | G10: 1 | H10: 470 | I10: PLASTIC STORAGE | J10: 876255 | K10: UNITED COMB & NOVELTY | L10: 4037187 | M10: N | N10: 85 | O10: okay | P10: BOX,CLEAR,5.9 QT,4PK | Q10: PK | R10: 4 | S10: 3695 | T10: IRIS USA INC | U10: N | V10: N | W10: N | X10: Y | Y10: N | Z10: N | AA10: N | AB10: 136 | AC10: 114 | AD10: Do not remove | AE10: Essential 60K | AF10: 156084.55 | AG10: Y | AH10: 331 | AI10: N | AJ10: N | AK10: Y | AO10: N | AP10: N | AQ10: N/A | AR10: N/A | AS10: SharePoint Removes | AT10: good | AU10: n/a | AV10: n/a
A11: 3 | B11: BINDERS | C11: Robert Giles | D11: 208405 | E11: BINDER,ODP,VW,RR,1",GREEN | F11: EA | G11: 1 | H11: 307 | I11: BINDERS | J11: 274 | K11: LSC COMMUNICATIONS US LLC | L11: Need Alt - Sales > $500 | O11: N/A | AF11: 154881.74 | AG11: Y | AH11: 185 | AI11: N | AJ11: N | AK11: Y | AO11: N | AP11: N | AQ11: N/A | AR11: N/A | AS11: BSD Master Remove | AT11: X | AU11: Need Alt - Sales > $500.00 | AV11: Provide Alt SKU
A12: 43 | B12: BREAKROOM | C12: Michael Davis | D12: 443059 | E12: REFRIGERATOR,SUPER,1.7CF | F12: EA | G12: 1 | H12: 810 | I12: APPLIANCES | J12: 1063911 | K12: AVANTI PRODUCTS LLC | L12: Need Alt - Sales > $500 | O12: N/A | AF12: 153536.87 | AG12: Y | AH12: 148 | AI12: N | AJ12: N | AK12: N | AO12: N | AP12: N | AQ12: N/A | AR12: N/A | AS12: Naspo Catalog Removes | AT12: X | AU12: Need Alt - Sales > $500.00 | AV12: Provide Alt SKU
A13: 85 | B13: STORAGE | C13: Tina Pruitt Bashiri | D13: 108337 | E13: CART,COLLAPSIBLE,W/LID,RED | F13: EA | G13: 1 | H13: 470 | I13: PLASTIC STORAGE | J13: 762526 | K13: ADVANTUS CORP | L13: 108393 | M13: N | N13: 85 | O13: okay | P13: CART,COLLAPSIBLE,W/LID,BLUE | Q13: EA | R13: 1 | S13: 762526 | T13: ADVANTUS CORP | U13: D | V13: N | W13: N | X13: Y | Y13: N | Z13: N | AA13: N | AB13: 137 | AC13: 116 | AD13: Do not remove | AE13: Essential 60K | AF13: 137286.33 | AG13: Y | AH13: 182 | AI13: N | AJ13: N | AK13: Y | AO13: N | AP13: N | AQ13: N/A | AR13: N/A | AS13: SharePoint Removes | AT13: good | AU13: n/a | AV13: n/a
A14: 58 | B14: PRESENTATION | C14: Open | D14: 693680 | E14: DOCUMENT PROTECTOR | F14: BX | G14: 50 | H14: 705 | I14: PRESENTATION BOARDS | J14: 8719 | K14: SP RICHARDS | L14: 662476 | M14: N | N14: 3 | O14: okay | P14: PROTECTOR,SHT,11X17,60PK,ASTD | Q14: PK | R14: 60 | S14: 453268 | T14: STRIDE INC | U14: D | V14: Y | W14: N | X14: N | Y14: Y | Z14: N | AA14: N | AD14: Do not remove | AE14: Essential 40K | AF14: 131387.88 | AG14: Y | AH14: 28 | AI14: Y | AJ14: N | AK14: N | AO14: N | AP14: N | AQ14: N/A | AR14: N/A | AS14: SharePoint Removes | AT14: good | AU14: n/a | AV14: n/a
A15: 43 | B15: BREAKROOM | C15: Michael Davis | D15: 158459 | E15: COOKIE,CRACKER,VARIETY,36CT | F15: EA | G15: 1 | H15: 813 | I15: FOOD | J15: 1060404 | K15: G AND J HOLDINGS LLC | L15: Need Alt - Sales > $500 | O15: N/A | AF15: 131115.57 | AG15: Y | AH15: 23 | AI15: N | AJ15: N | AK15: N | AO15: N | AP15: N | AQ15: N/A | AR15: N/A | AS15: SharePoint Removes | AT15: X | AU15: Need Alt - Sales > $500.00 | AV15: Provide Alt SKU
A16: 42 | B16: LABELS | C16: Tina Pruitt Bashiri | D16: 764366 | E16: LBL C/C YR-18 ETYJ ROLL | F16: RL | G16: 500 | H16: 788 | I16: FILING/ID LABELS | J16: 100 | K16: SP RICHARDS | L16: Need Alt - Sales > $500 | O16: N/A | AF16: 130132.2 | AG16: Y | AH16: 58 | AI16: N | AJ16: N | AK16: N | AO16: N | AP16: N | AQ16: N/A | AR16: N/A | AS16: Naspo Catalog Removes | AT16: X | AU16: Need Alt - Sales > $500.00 | AV16: Provide Alt SKU
A17: 85 | B17: STORAGE | C17: Tina Pruitt Bashiri | D17: 420337 | E17: BOX,OMNI,13.5QT,2OK | F17: PK | G17: 2 | H17: 470 | I17: PLASTIC STORAGE | J17: 3695 | K17: IRIS USA INC | L17: Need Alt - Sales > $500 | O17: N/A | AF17: 129595.42 | AG17: Y | AH17: 163 | AI17: N | AJ17: N | AK17: Y | AO17: N | AP17: N | AQ17: N/A | AR17: N/A | AS17: SharePoint Removes | AT17: X | AU17: Need Alt - Sales > $500.00 | AV17: Provide Alt SKU
A18: 47 | B18: CLEAN/PERSONAL CARE | C18: Michael Davis | D18: 672959 | E18: HANDSOAP,LTX12,PRVN,FOAM,PLM | F18: EA | G18: 1 | H18: 865 | I18: PERSONAL HYGIENE | J18: 1044878 | K18: GOJO INDUSTRIES INC | L18: 479262 | M18: N | N18: 47 | O18: okay | P18: SOAP,PCMX,PROVON,1200,LTX | Q18: CT | R18: 2 | S18: 1044878 | T18: GOJO INDUSTRIES INC | U18: D | V18: N | W18: Y | X18: N | Y18: Y | Z18: N | AA18: N | AD18: Not in BSD Master | AE18: Not in Stocking Strategy | AF18: 126457.28 | AG18: Y | AH18: 54 | AI18: N | AJ18: N | AK18: N | AO18: N | AP18: N | AQ18: N/A | AR18: N/A | AS18: SharePoint Removes | AT18: X | AU18: Alt is Not in Stocking Strategy | AV18: Submit Alt to Sharepoint as an Add
A19: 11 | B19: WRITING | C19: Robert Ballou | D19: 591215 | E19: SHARPENER,PENCIL,MNL,2 HL,ASTD | F19: EA | G19: 1 | H19: 620 | I19: PENCILS | J19: 463772 | K19: MAPED HELIX USA INC | L19: 891993 | M19: N | N19: 11 | O19: okay | P19: SHARPENER,MANUAL, DB HOLE | Q19: EA | R19: 1 | S19: 409657 | T19: BEIFA GROUP CO LTD | U19: N | V19: N | W19: N | X19: Y | Y19: N | Z19: N | AA19: N | AC19: 187 | AD19: Do Not Remove | AE19: Essential 40K | AF19: 123728.36 | AG19: Y | AH19: 158 | AI19: N | AJ19: N | AK19: Y | AO19: N | AP19: N | AQ19: N/A | AR19: N/A | AS19: SharePoint Removes | AT19: good | AU19: n/a | AV19: n/a
A20: 47 | B20: CLEAN/PERSONAL CARE | C20: Michael Davis | D20: 8401302 | E20: HWN TROP BODYWASH 144 | F20: CT | G20: 1 | H20: 806 | I20: CLEANING SUPPLIES | J20: 1002312 | K20: HOTEL EMPORIUM INC | L20: Need Alt - Sales > $500 | O20: N/A | AF20: 123510.33 | AG20: Y | AH20: 14 | AI20: N | AJ20: N | AK20: N | AO20: N | AP20: N | AQ20: N/A | AR20: N/A | AS20: Previous Event Alt Now Remove | AT20: X | AU20: Need Alt - Sales > $500.00 | AV20: Provide Alt SKU
A21: 43 | B21: BREAKROOM | C21: Michael Davis | D21: 798114 | E21: CUP,PLASTIC,RED,16 OZ | F21: PK | G21: 50 | H21: 580 | I21: BREAKROOM ESSENTIALS | J21: 1180892 | K21: SP RICHARDS | L21: Need Alt - Sales > $500 | O21: N/A | AF21: 118531.69 | AG21: Y | AH21: 151 | AI21: N | AJ21: Y | AK21: N | AL21: N | AO21: N | AP21: N | AQ21: N/A | AR21: N | AS21: Wholesale Discos-SP Primary | AT21: X | AU21: Need Alt - Sales > $500.00 | AV21: Provide Alt SKU
A22: 47 | B22: CLEAN/PERSONAL CARE | C22: Michael Davis | D22: 158448 | E22: BATTERY,EVEREADY,GOLD,AA,24PK | F22: PK | G22: 24 | H22: 864 | I22: BATTERIES | J22: 520 | K22: ENERGIZER BATTERY INC | L22: 626049 | M22: N | N22: 47 | O22: okay | P22: BATTERY,ALKALINE,MAX,AA,24/PK | Q22: PK | R22: 12 | S22: 520 | T22: ENERGIZER BATTERY INC | U22: D | V22: N | W22: N | X22: N | Y22: N | Z22: N | AA22: N | AB22: 675 | AD22: Do not remove | AE22: Essential 60K | AF22: 116601.12 | AG22: Y | AH22: 400 | AI22: N | AJ22: N | AK22: N | AO22: N | AP22: N | AQ22: N/A | AR22: N/A | AS22: SharePoint Removes | AT22: good | AU22: n/a | AV22: n/a
A23: 47 | B23: CLEAN/PERSONAL CARE | C23: Michael Davis | D23: 9258446 | E23: HWN TROP LOTION 144 | F23: CT | G23: 1 | H23: 806 | I23: CLEANING SUPPLIES | J23: 1002312 | K23: HOTEL EMPORIUM INC | L23: Need Alt - Sales > $500 | O23: N/A | AF23: 115656.52 | AG23: Y | AH23: 14 | AI23: N | AJ23: N | AK23: N | AO23: N | AP23: N | AQ23: N/A | AR23: N/A | AS23: Previous Event Alt Now Remove | AT23: X | AU23: Need Alt - Sales > $500.00 | AV23: Provide Alt SKU
A24: 66 | B24: BUSINESS MACHINES | C24: Tina Pruitt Bashiri | D24: 410491 | E24: CALCULATOR,PRINTING,DR210TM-BK | F24: EA | G24: 1 | H24: 223 | I24: CALCULATORS | J24: 1063905 | K24: CASIO AMERICA INC | L24: 561016 | M24: N | N24: 66 | O24: okay | P24: CALCULATOR,PRINTING,EL-1801V | Q24: EA | R24: 1 | S24: 1004217 | T24: VICTOR TECHNOLOGY | U24: D | V24: Y | W24: N | X24: N | Y24: Y | Z24: N | AA24: N | AB24: 623 | AD24: Do not remove | AE24: Essential 60K | AF24: 114105.43 | AG24: Y | AH24: 252 | AI24: Y | AJ24: N | AK24: N | AO24: N | AP24: N | AQ24: N/A | AR24: N/A | AS24: SharePoint Removes | AT24: good | AU24: n/a | AV24: n/a
A25: 66 | B25: BUSINESS MACHINES | C25: Tina Pruitt Bashiri | D25: 410181 | E25: CALCULATOR,PRINTING,FR2650TM | F25: EA | G25: 1 | H25: 223 | I25: CALCULATORS | J25: 1063905 | K25: CASIO AMERICA INC | L25: 1266102 | M25: N | N25: 66 | O25: okay | P25: Calculator Prtg Hd 12Dig 2Colr | Q25: EA | R25: 1 | S25: 1000295 | T25: AURORA CORP OF AMERICA | U25: X | V25: N | W25: N | X25: N | Y25: N | Z25: Y | AA25: N | AD25: Not in BSD Master | AE25: Not in Stocking Strategy | AF25: 111959.6 | AG25: Y | AH25: 201 | AI25: N | AJ25: N | AK25: N | AO25: N | AP25: N | AQ25: N/A | AR25: N/A | AS25: SharePoint Removes | AT25: X | AU25: ALT SKU is Discontinued at Item Level | AV25: Provide New Alt SKU OR Reactivate Alt SKU
A26: 1 | B26: FURNITURE | C26: Open | D26: 239269 | E26: CLOCK,COMMERCIAL,13.5"DIAL,BLK | F26: EA | G26: 1 | H26: 697 | I26: OFFICE DECOR | J26: 5472 | K26: VICTORY LIGHT USA | L26: 706685 | M26: N | N26: 1 | O26: okay | P26: WALL CLOCK,14",EASY TO READ | Q26: EA | R26: 1 | S26: 1002430 | T26: MZ BERGER & COMPANY INC | U26: N | V26: N | W26: N | X26: Y | Y26: N | Z26: N | AA26: N | AB26: 334 | AC26: 232 | AD26: Do not remove | AE26: Essential 60K | AF26: 107428.11 | AG26: Y | AH26: 257 | AI26: N | AJ26: N | AK26: N | AO26: N | AP26: N | AQ26: N/A | AR26: N/A | AS26: SharePoint Removes | AT26: good | AU26: n/a | AV26: n/a
A27: 85 | B27: STORAGE | C27: Tina Pruitt Bashiri | D27: 494411 | E27: BOX,STORAGE,62QT,CLEAR | F27: EA | G27: 1 | H27: 470 | I27: PLASTIC STORAGE | J27: 876255 | K27: UNITED COMB & NOVELTY | L27: 492928 | M27: N | N27: 85 | O27: okay | P27: TOTE,FLIP TOP,15 GAL,CLEAR | Q27: EA | R27: 1 | S27: 3695 | T27: IRIS USA INC | U27: D | V27: N | W27: N | X27: Y | Y27: N | Z27: N | AA27: N | AD27: Do not remove | AE27: Common | AF27: 107054.4 | AG27: Y | AH27: 190 | AI27: N | AJ27: N | AK27: Y | AO27: N | AP27: N | AQ27: N/A | AR27: N/A | AS27: SharePoint Removes | AT27: good | AU27: n/a | AV27: n/a
A28: 43 | B28: BREAKROOM | C28: Michael Davis | D28: 558849 | E28: HEATER, TOWER, CERAMIC | F28: EA | G28: 1 | H28: 810 | I28: APPLIANCES | J28: 994280 | K28: D&H DISTRIBUTING | L28: Need Alt - Sales > $500 | O28: N/A | AF28: 107053.62 | AG28: Y | AH28: 49 | AI28: N | AJ28: N | AK28: N | AO28: N | AP28: N | AQ28: N/A | AR28: N/A | AS28: SharePoint Removes | AT28: X | AU28: Need Alt - Sales > $500.00 | AV28: Provide Alt SKU
A29: 47 | B29: CLEAN/PERSONAL CARE | C29: Michael Davis | D29: 242342 | E29: DETERGENT,DISH,ANTIBAC | F29: EA | G29: 1 | H29: 806 | I29: CLEANING SUPPLIES | J29: 1040446 | K29: PROCTER AND GAMBLE DISTRIBUTING | L29: 404834 | M29: N | N29: 47 | O29: okay | P29: SOAP,DAWN,ULT,ABOR,41OZ | Q29: EA | R29: 1 | S29: 1040446 | T29: PROCTER AND GAMBLE DISTRIBUTING | U29: D | V29: N | W29: N | X29: N | Y29: N | Z29: N | AA29: N | AD29: Do Not Remove | AE29: Essential 60K | AF29: 106959.11 | AG29: Y | AH29: 105 | AI29: N | AJ29: N | AK29: N | AO29: N | AP29: N | AQ29: N/A | AR29: N/A | AS29: SharePoint Removes | AT29: good | AU29: n/a | AV29: n/a
A30: 43 | B30: BREAKROOM | C30: Michael Davis | D30: 208425 | E30: VEGGIE,STRAW,VARIETY,24CT | F30: EA | G30: 1 | H30: 813 | I30: FOOD | J30: 1060404 | K30: G AND J HOLDINGS LLC | L30: Need Alt - Sales > $500 | O30: N/A | AF30: 106021.74 | AG30: Y | AH30: 33 | AI30: N | AJ30: N | AK30: N | AO30: N | AP30: N | AQ30: N/A | AR30: N/A | AS30: SharePoint Removes | AT30: X | AU30: Need Alt - Sales > $500.00 | AV30: Provide Alt SKU
A31: 47 | B31: CLEAN/PERSONAL CARE | C31: Michael Davis | D31: 231214 | E31: TRASH CAN,60L BULLET,SIMPLHMN | F31: EA | G31: 1 | H31: 807 | I31: WASTEBASKETS/BAGS | J31: 815530 | K31: SIMPLEHUMAN LLC | L31: Need Alt - Sales > $500 | O31: N/A | AF31: 100381.38 | AG31: Y | AH31: 193 | AI31: N | AJ31: N | AK31: N | AM31: 470 | AN31: 318 | AO31: N | AP31: N | AQ31: N/A | AR31: N/A | AS31: SharePoint Removes | AT31: X | AU31: Orginal SKU is part of the BSD29 Catalog | AV31: Determing if original SKU should stay in the event - if so, REQUIRES ALT
A32: 47 | B32: CLEAN/PERSONAL CARE | C32: Michael Davis | D32: 231196 | E32: TRASH CAN,60L BLACK,SIMPLHMN | F32: EA | G32: 1 | H32: 807 | I32: WASTEBASKETS/BAGS | J32: 815530 | K32: SIMPLEHUMAN LLC | L32: Need Alt - Sales > $500 | O32: N/A | AF32: 100036.56 | AG32: Y | AH32: 150 | AI32: N | AJ32: N | AK32: N | AM32: 471 | AO32: N | AP32: N | AQ32: N/A | AR32: N/A | AS32: SharePoint Removes | AT32: X | AU32: Orginal SKU is part of the BSD29 Catalog | AV32: Determing if original SKU should stay in the event - if so, REQUIRES ALT
A33: 47 | B33: CLEAN/PERSONAL CARE | C33: Michael Davis | D33: 757445 | E33: CLEANER,DISINFECTANT, LYSOL | F33: EA | G33: 1 | H33: 806 | I33: CLEANING SUPPLIES | J33: 1180892 | K33: SP RICHARDS | L33: 1385443 | M33: N | N33: 43 | O33: okay | P33: Lemon Breeze Trigger 32 oz. | Q33: EA | R33: 1 | S33: 1180892 | T33: SP RICHARDS | U33: D | V33: Y | W33: N | X33: N | Y33: Y | Z33: N | AA33: N | AB33: 435 | AC33: 302 | AD33: Do not remove | AE33: Essential 60K | AF33: 97444.177 | AG33: Y | AH33: 116 | AI33: Y | AJ33: N | AK33: N | AO33: N | AP33: N | AQ33: N/A | AR33: N/A | AS33: SharePoint Removes | AT33: good | AU33: n/a | AV33: n/a
A34: 47 | B34: CLEAN/PERSONAL CARE | C34: Michael Davis | D34: 231268 | E34: TRASH CAN,50L SLIM,SIMPLHMN | F34: EA | G34: 1 | H34: 807 | I34: WASTEBASKETS/BAGS | J34: 815530 | K34: SIMPLEHUMAN LLC | L34: Need Alt - Sales > $500 | O34: N/A | AF34: 95988.707 | AG34: Y | AH34: 153 | AI34: N | AJ34: N | AK34: N | AM34: 470 | AN34: 318 | AO34: N | AP34: N | AQ34: N/A | AR34: N/A | AS34: SharePoint Removes | AT34: X | AU34: Orginal SKU is part of the BSD29 Catalog | AV34: Determing if original SKU should stay in the event - if so, REQUIRES ALT
A35: 43 | B35: BREAKROOM | C35: Michael Davis | D35: 801403 | E35: PACKETS,SWEETENER,TRUVIA | F35: BX | G35: 140 | H35: 809 | I35: COFFEE & CONDIMENTS | J35: 450983 | K35: VISTAR CORP | L35: Need Alt - Sales > $500 | O35: N/A | AF35: 92496.365 | AG35: Y | AH35: 243 | AI35: N | AJ35: N | AK35: N | AO35: N | AP35: N | AQ35: N/A | AR35: N/A | AS35: BSD Master Remove | AT35: X | AU35: Need Alt - Sales > $500.00 | AV35: Provide Alt SKU
A36: 85 | B36: STORAGE | C36: Tina Pruitt Bashiri | D36: 430723 | E36: CRATE,OD,STACK/FILING,BLACK | F36: EA | G36: 1 | H36: 470 | I36: PLASTIC STORAGE | J36: 876255 | K36: UNITED COMB & NOVELTY | L36: Need Alt - Sales > $500 | O36: N/A | AF36: 92243.072 | AG36: Y | AH36: 354 | AI36: N | AJ36: N | AK36: Y | AO36: N | AP36: N | AQ36: N/A | AR36: N/A | AS36: SharePoint Removes | AT36: X | AU36: Need Alt - Sales > $500.00 | AV36: Provide Alt SKU
A37: 43 | B37: BREAKROOM | C37: Michael Davis | D37: 241211 | E37: SPLENDA,SWEET,ORIG,1000CT | F37: BX | G37: 1 | H37: 813 | I37: FOOD | J37: 1060404 | K37: G AND J HOLDINGS LLC | L37: Need Alt - Sales > $500 | O37: N/A | AF37: 87760.569 | AG37: Y | AH37: 33 | AI37: N | AJ37: N | AK37: N | AO37: N | AP37: N | AQ37: N/A | AR37: N/A | AS37: SharePoint Removes | AT37: X | AU37: Need Alt - Sales > $500.00 | AV37: Provide Alt SKU
A38: 66 | B38: BUSINESS MACHINES | C38: Tina Pruitt Bashiri | D38: 312873 | E38: CALCULATOR,PRINTING,HR-150TM | F38: EA | G38: 1 | H38: 223 | I38: CALCULATORS | J38: 1063905 | K38: CASIO AMERICA INC | L38: 561016 | M38: N | N38: 66 | O38: okay | P38: CALCULATOR,PRINTING,EL-1801V | Q38: EA | R38: 1 | S38: 1004217 | T38: VICTOR TECHNOLOGY | U38: D | V38: Y | W38: N | X38: N | Y38: Y | Z38: N | AA38: N | AB38: 623 | AD38: Do not remove | AE38: Essential 60K | AF38: 86312.485 | AG38: Y | AH38: 209 | AI38: Y | AJ38: N | AK38: N | AO38: N | AP38: N | AQ38: N/A | AR38: N/A | AS38: SharePoint Removes | AT38: good | AU38: n/a | AV38: n/a
A39: 43 | B39: BREAKROOM | C39: Michael Davis | D39: 736991 | E39: PIRATE BOOTY,WHITE,CHEDDR,24CT | F39: EA | G39: 1 | H39: 813 | I39: FOOD | J39: 1060404 | K39: G AND J HOLDINGS LLC | L39: Need Alt - Sales > $500 | O39: N/A | AF39: 82951.978 | AG39: Y | AH39: 17 | AI39: N | AJ39: N | AK39: N | AO39: N | AP39: N | AQ39: N/A | AR39: N/A | AS39: SharePoint Removes | AT39: X | AU39: Need Alt - Sales > $500.00 | AV39: Provide Alt SKU
A40: 43 | B40: BREAKROOM | C40: Michael Davis | D40: 429139 | E40: STARBURST,JUICY,ORIGINAL,3LB | F40: EA | G40: 1 | H40: 813 | I40: FOOD | J40: 1060404 | K40: G AND J HOLDINGS LLC | L40: Need Alt - Sales > $500 | O40: N/A | AF40: 81370.527 | AG40: Y | AH40: 25 | AI40: N | AJ40: N | AK40: N | AO40: N | AP40: N | AQ40: N/A | AR40: N/A | AS40: SharePoint Removes | AT40: X | AU40: Need Alt - Sales > $500.00 | AV40: Provide Alt SKU
A41: 1 | B41: FURNITURE | C41: Open | D41: 847334 | E41: TABLE,48X72,2 BOXES,LT OAK | F41: CT | G41: 2 | H41: 200 | I41: DESKS & WORKSTATIONS | J41: 449944 | K41: SCHOLAR CRAFT PRODUCTS | L41: 226555 | M41: N | N41: 1 | O41: okay | P41: TABLE,APEX,48X72KIDNEY,OAK | Q41: EA | R41: 1 | S41: 818871 | T41: MARCO GROUP INC | U41: D | V41: N | W41: Y | X41: N | Y41: Y | Z41: N | AA41: N | AD41: Do not remove | AE41: Virtual_Warehouse | AF41: 80475.078 | AG41: Y | AH41: 30 | AI41: N | AJ41: N | AK41: N | AO41: N | AP41: N | AQ41: N/A | AR41: N/A | AS41: SharePoint Removes | AT41: good | AU41: n/a | AV41: n/a
A42: 11 | B42: WRITING | C42: Robert Ballou | D42: 162703 | E42: MARKER,PERM,PRO,SHARPIE,DZ,BLK | F42: DZ | G42: 12 | H42: 625 | I42: MARKERS | J42: 451 | K42: SANFORD LP | L42: Need Alt - Sales > $500 | O42: N/A | AF42: 79784.454 | AG42: Y | AH42: 164 | AI42: N | AJ42: N | AK42: N | AO42: N | AP42: Y | AQ42: 162730 | AR42: N | AS42: SharePoint Removes | AT42: X | AU42: Need Alt - Sales > $500.00 | AV42: Provide Alt SKU
A43: 1 | B43: FURNITURE | C43: Open | D43: 783918 | E43: FRAME,3-IN-1,WOOD,8.5X11,BLK | F43: EA | G43: 1 | H43: 697 | I43: OFFICE DECOR | J43: 5472 | K43: VICTORY LIGHT USA | L43: 134873 | M43: N | N43: 1 | O43: okay | P43: FRAME,EZ ROUND 8.5X11 BLACK | Q43: EA | R43: 1 | S43: 3071 | T43: UNIEK INC | U43: N | V43: N | W43: N | X43: Y | Y43: N | Z43: N | AA43: N | AB43: 332 | AD43: Do not remove | AE43: Essential 60K | AF43: 78874.43 | AG43: Y | AH43: 126 | AI43: N | AJ43: N | AK43: N | AO43: N | AP43: N | AQ43: N/A | AR43: N/A | AS43: SharePoint Removes | AT43: good | AU43: n/a | AV43: n/a
A44: 47 | B44: CLEAN/PERSONAL CARE | C44: Michael Davis | D44: 231277 | E44: TRASH CAN,60L SEMIRND,SIMPLHMN | F44: EA | G44: 1 | H44: 807 | I44: WASTEBASKETS/BAGS | J44: 815530 | K44: SIMPLEHUMAN LLC | L44: Need Alt - Sales > $500 | O44: N/A | AF44: 77670.768 | AG44: Y | AH44: 36 | AI44: N | AJ44: N | AK44: N | AN44: 318 | AO44: N | AP44: N | AQ44: N/A | AR44: N/A | AS44: SharePoint Removes | AT44: X | AU44: Need Alt - Sales > $500.00 | AV44: Provide Alt SKU
A45: 85 | B45: STORAGE | C45: Tina Pruitt Bashiri | D45: 396079 | E45: CARTON,STRG,MESH,CLPSBL,OD,BLK | F45: EA | G45: 1 | H45: 579 | I45: OTHER STORAGE | J45: 8655 | K45: ADVANTUS CORP | L45: 915723 | M45: N | N45: 85 | O45: okay | P45: FILE,DESKTOP, BOX | Q45: EA | R45: 1 | S45: 100 | T45: SP RICHARDS | U45: D | V45: Y | W45: N | X45: N | Y45: Y | Z45: N | AA45: N | AD45: Do not remove | AE45: Wholesale | AF45: 76752.109 | AG45: Y | AH45: 103 | AI45: N | AJ45: N | AK45: N | AO45: N | AP45: N | AQ45: N/A | AR45: N/A | AS45: SharePoint Removes | AT45: good | AU45: n/a | AV45: n/a
A46: 43 | B46: BREAKROOM | C46: Michael Davis | D46: 667722 | E46: FRITO LAY,PREMIERE,MIX,30CT | F46: EA | G46: 1 | H46: 813 | I46: FOOD | J46: 1060404 | K46: G AND J HOLDINGS LLC | L46: Need Alt - Sales > $500 | O46: N/A | AF46: 76517.375 | AG46: Y | AH46: 18 | AI46: N | AJ46: N | AK46: N | AO46: N | AP46: N | AQ46: N/A | AR46: N/A | AS46: SharePoint Removes | AT46: X | AU46: Need Alt - Sales > $500.00 | AV46: Provide Alt SKU
A47: 1 | B47: FURNITURE | C47: Open | D47: 404941 | E47: CLOCK,WALL,8.5",PLASTIC,BLACK | F47: EA | G47: 1 | H47: 697 | I47: OFFICE DECOR | J47: 5472 | K47: VICTORY LIGHT USA | L47: 706397 | M47: N | N47: 1 | O47: okay | P47: WALL CLOCK, 9",BLACK | Q47: EA | R47: 1 | S47: 1002430 | T47: MZ BERGER & COMPANY INC | U47: N | V47: N | W47: N | X47: Y | Y47: N | Z47: N | AA47: N | AB47: 334 | AC47: 232 | AD47: Do not remove | AE47: Essential 60K | AF47: 72283.126 | AG47: Y | AH47: 316 | AI47: N | AJ47: N | AK47: N | AO47: N | AP47: N | AQ47: N/A | AR47: N/A | AS47: SharePoint Removes | AT47: good | AU47: n/a | AV47: n/a
A48: 43 | B48: BREAKROOM | C48: Michael Davis | D48: 959774 | E48: BREWER,KEURIG,K200,BLACK | F48: EA | G48: 1 | H48: 809 | I48: COFFEE & CONDIMENTS | J48: 1216051 | K48: KEURIG GREEN MOUNTAIN | L48: 9806228 | M48: N | N48: 43 | O48: okay | P48: BREWER,K SELECT,SNGL SRV,BLK | Q48: EA | R48: 1 | S48: 447198 | T48: KEURIG GREEN MOUNTAIN | U48: D | V48: N | W48: N | X48: N | Y48: N | Z48: N | AA48: N | AC48: 259 | AD48: Do Not Remove | AE48: Essential 60K | AF48: 71356.531 | AG48: Y | AH48: 10 | AI48: N | AJ48: N | AK48: N | AN48: 259 | AO48: N | AP48: N | AQ48: N/A | AR48: N/A | AS48: SharePoint Removes | AT48: good | AU48: n/a | AV48: n/a
A49: 47 | B49: CLEAN/PERSONAL CARE | C49: Michael Davis | D49: 515018 | E49: PADLOCK, COMBINATION,BRASS | F49: EA | G49: 1 | H49: 815 | I49: SAFETY/SECURITY | J49: 817391 | K49: ORS NASCO INC | L49: Need Alt - Sales > $500 | O49: N/A | AF49: 70885.125 | AG49: Y | AH49: 64 | AI49: N | AJ49: N | AK49: N | AO49: N | AP49: N | AQ49: N/A | AR49: N/A | AS49: SharePoint Removes | AT49: X | AU49: Need Alt - Sales > $500.00 | AV49: Provide Alt SKU
A50: 1 | B50: FURNITURE | C50: Open | D50: 401826 | E50: frame,photo,8x10,cherry | F50: EA | G50: 1 | H50: 697 | I50: OFFICE DECOR | J50: 5472 | K50: VICTORY LIGHT USA | L50: 9980951 | M50: N | N50: 1 | O50: okay | P50: FRAME,MARREN,8X10,CH | Q50: EA | R50: 1 | S50: 793850 | T50: LCO DESTINY LLC | U50: X | V50: N | W50: N | X50: N | Y50: N | Z50: N | AA50: N | AD50: Do not remove | AE50: Virtual_Warehouse | AF50: 69914.178 | AG50: Y | AH50: 271 | AI50: N | AJ50: N | AK50: Y | AO50: N | AP50: N | AQ50: N/A | AR50: N/A | AS50: SharePoint Removes | AT50: X | AU50: Alt SKU has Invalid Procurement - Proc X = Unavailable | AV50: Update to Valid Procurement (N or D) OR Provide New Alt SKU
A51: 1 | B51: FURNITURE | C51: Open | D51: 311058 | E51: FRAME,DOCUMENT,WOOD FILLET,BLK | F51: EA | G51: 1 | H51: 697 | I51: OFFICE DECOR | J51: 5472 | K51: VICTORY LIGHT USA | L51: 305396 | M51: N | N51: 1 | O51: okay | P51: FRAME,GALLERY,11X14,BLACK | Q51: EA | R51: 1 | S51: 3071 | T51: UNIEK INC | U51: N | V51: N | W51: N | X51: Y | Y51: N | Z51: N | AA51: N | AB51: 333 | AD51: Do not remove | AE51: Essential 60K | AF51: 66387.469 | AG51: Y | AH51: 287 | AI51: N | AJ51: N | AK51: Y | AO51: N | AP51: N | AQ51: N/A | AR51: N/A | AS51: SharePoint Removes | AT51: good | AU51: n/a | AV51: n/a
A52: 47 | B52: CLEAN/PERSONAL CARE | C52: Michael Davis | D52: 1253269 | E52: Ajax HE Lndry Dtrgt Reg 6/50oz | F52: CT | G52: 1 | H52: 806 | I52: CLEANING SUPPLIES | J52: 1180892 | K52: SP RICHARDS | L52: Need Alt - Sales > $500 | O52: N/A | AF52: 66062.559 | AG52: Y | AH52: 36 | AI52: N | AJ52: Y | AK52: N | AL52: N | AO52: N | AP52: N | AQ52: N/A | AR52: N | AS52: Wholesale Discos-SP Primary | AT52: X | AU52: Need Alt - Sales > $500.00 | AV52: Provide Alt SKU
A53: 85 | B53: STORAGE | C53: Tina Pruitt Bashiri | D53: 1403785 | E53: Ltr/Lgl File Crt Blk 3pk | F53: PK | G53: 1 | H53: 470 | I53: PLASTIC STORAGE | J53: 876255 | K53: UNITED COMB & NOVELTY | L53: Need Alt - Sales > $500 | O53: N/A | AF53: 65618.187 | AG53: Y | AH53: 13 | AI53: N | AJ53: N | AK53: Y | AO53: N | AP53: N | AQ53: N/A | AR53: N/A | AS53: SharePoint Removes | AT53: X | AU53: Need Alt - Sales > $500.00 | AV53: Provide Alt SKU
A54: 65 | B54: TONERS/OTHER IMAGING | C54: Robert Cummins | D54: 338308 | E54: TONER,REPLACE,DELL,B3460 | F54: EA | G54: 1 | H54: 144 | I54: LASER PRINTER SUPP | J54: 460088 | K54: CLOVER TECHNOLOGIES GROUP | L54: Need Alt - Sales > $500 | O54: N/A | AF54: 65003.679 | AG54: Y | AH54: 67 | AI54: N | AJ54: N | AK54: Y | AM54: 709 | AO54: N | AP54: N | AQ54: N/A | AR54: N/A | AS54: BSD Master Remove | AT54: X | AU54: Orginal SKU is part of the BSD29 Catalog | AV54: Determing if original SKU should stay in the event - if so, REQUIRES ALT
A55: 47 | B55: CLEAN/PERSONAL CARE | C55: Michael Davis | D55: 9182314 | E55: Cleaner Dustoff 6Pk | F55: PK | G55: 6 | H55: 806 | I55: CLEANING SUPPLIES | J55: 100 | K55: SP RICHARDS | L55: Need Alt - Sales > $500 | O55: N/A | AF55: 64293.701 | AG55: Y | AH55: 36 | AI55: N | AJ55: Y | AK55: N | AL55: N | AO55: N | AP55: N | AQ55: N/A | AR55: N | AS55: Wholesale Discos-SP Primary | AT55: X | AU55: Need Alt - Sales > $500.00 | AV55: Provide Alt SKU
A56: 1 | B56: FURNITURE | C56: Open | D56: 571019 | E56: FOLDER,CERT,DELUXE,BLACK | F56: EA | G56: 1 | H56: 697 | I56: OFFICE DECOR | J56: 5472 | K56: VICTORY LIGHT USA | L56: 106448 | M56: N | N56: 1 | O56: okay | P56: HOLDER,CERTIFICATE,BLK | Q56: PK | R56: 15 | S56: 100 | T56: SP RICHARDS | U56: D | V56: Y | W56: N | X56: N | Y56: Y | Z56: N | AA56: N | AD56: Do not remove | AE56: Wholesale | AF56: 61652.984 | AG56: Y | AH56: 164 | AI56: N | AJ56: N | AK56: Y | AO56: N | AP56: N | AQ56: N/A | AR56: N/A | AS56: SharePoint Removes | AT56: good | AU56: n/a | AV56: n/a
A57: 47 | B57: CLEAN/PERSONAL CARE | C57: Michael Davis | D57: 675524 | E57: WIPE,PWR&FR,OXY,SPLSH,75CT,6CA | F57: CA | G57: 6 | H57: 806 | I57: CLEANING SUPPLIES | J57: 1180892 | K57: SP RICHARDS | L57: Need Alt - Sales > $500 | O57: N/A | AF57: 61628.805 | AG57: Y | AH57: 150 | AI57: N | AJ57: N | AK57: N | AO57: N | AP57: N | AQ57: N/A | AR57: N/A | AS57: BSD Master Remove | AT57: X | AU57: Need Alt - Sales > $500.00 | AV57: Provide Alt SKU
A58: 42 | B58: LABELS | C58: Tina Pruitt Bashiri | D58: 706530 | E58: LBL C/C YR-18 ETS FLAT | F58: PK | G58: 250 | H58: 788 | I58: FILING/ID LABELS | J58: 100 | K58: SP RICHARDS | L58: Need Alt - Sales > $500 | O58: N/A | AF58: 60769.881 | AG58: Y | AH58: 62 | AI58: N | AJ58: N | AK58: N | AO58: N | AP58: N | AQ58: N/A | AR58: N/A | AS58: Naspo Catalog Removes | AT58: X | AU58: Need Alt - Sales > $500.00 | AV58: Provide Alt SKU
A59: 52 | B59: SPECIALTY PAPER | C59: Tina Pruitt Bashiri | D59: 743072 | E59: PAPER,COATED,42"X150' | F59: RL | G59: 1 | H59: 530 | I59: PHOTO PAPER | J59: 100 | K59: SP RICHARDS | L59: Need Alt - Sales > $500 | O59: N/A | AF59: 60113.437 | AG59: Y | AH59: 146 | AI59: N | AJ59: N | AK59: N | AM59: 21 | AO59: N | AP59: N | AQ59: N/A | AR59: N/A | AS59: BSD Master Remove | AT59: X | AU59: Orginal SKU is part of the BSD29 Catalog | AV59: Determing if original SKU should stay in the event - if so, REQUIRES ALT
A60: 25 | B60: SEATING | C60: Open | D60: 713843 | E60: CHAIR,MIDBACK, EXEC,BK | F60: EA | G60: 1 | H60: 133 | I60: SPEC ORDER SEATING | J60: 100 | K60: SP RICHARDS | L60: Need Alt - Sales > $500 | O60: N/A | AF60: 58726.956 | AG60: Y | AH60: 20 | AI60: N | AJ60: Y | AK60: N | AL60: N | AO60: N | AP60: N | AQ60: N/A | AR60: N | AS60: Wholesale Discos-SP Primary | AT60: X | AU60: Need Alt - Sales > $500.00 | AV60: Provide Alt SKU
A61: 58 | B61: PRESENTATION | C61: Open | D61: 260909 | E61: BOARD,COMBO,COLOR CORK,3X4 | F61: EA | G61: 1 | H61: 705 | I61: PRESENTATION BOARDS | J61: 467413 | K61: ACCO BRANDS USA LLC | L61: 836575 | M61: N | N61: 58 | O61: okay | P61: BOARD,CORK,36"X48",OAK FRAME | Q61: EA | R61: 1 | S61: 467413 | T61: ACCO BRANDS USA LLC | U61: D | V61: N | W61: N | X61: Y | Y61: N | Z61: N | AA61: N | AB61: 367 | AC61: 255 | AD61: Do not remove | AE61: Essential 60K | AF61: 58050.477 | AG61: Y | AH61: 80 | AI61: N | AJ61: N | AK61: N | AO61: N | AP61: N | AQ61: N/A | AR61: N/A | AS61: SharePoint Removes | AT61: good | AU61: n/a | AV61: n/a
A62: 5 | B62: PAPER | C62: Tina Pruitt Bashiri | D62: 639819 | E62: PAPER,BRTHUE,LTR,20#,LE | F62: RM | G62: 10 | H62: 503 | I62: CUT SHEET PAPER | J62: 100 | K62: SP RICHARDS | L62: Need Alt - Sales > $500 | O62: N/A | AF62: 56881.159 | AG62: Y | AH62: 41 | AI62: N | AJ62: Y | AK62: N | AL62: N | AO62: N | AP62: N | AQ62: N/A | AR62: N | AS62: Wholesale Discos-SP Primary | AT62: X | AU62: Need Alt - Sales > $500.00 | AV62: Provide Alt SKU
A63: 47 | B63: CLEAN/PERSONAL CARE | C63: Michael Davis | D63: 621326 | E63: TISSUE,TOILET,ULTR,SS,WHT,12PK | F63: PK | G63: 12 | H63: 805 | I63: PAPER PRODUCTS | J63: 943000 | K63: GEORGIA PACIFIC CONSMR PRODTS | L63: 452249 | M63: N | N63: 47 | O63: okay | P63: TISSUE,TOILET,WHITE,2PLY,36PK | Q63: PK | R63: 30 | S63: 943000 | T63: GEORGIA PACIFIC CONSMR PRODTS | U63: D | V63: N | W63: N | X63: N | Y63: N | Z63: N | AA63: N | AB63: 426 | AD63: Do Not Remove | AE63: Hub | AF63: 56781.071 | AG63: Y | AH63: 102 | AI63: N | AJ63: N | AK63: N | AO63: N | AP63: N | AQ63: N/A | AR63: N/A | AS63: SharePoint Removes | AT63: good | AU63: n/a | AV63: n/a
A64: 47 | B64: CLEAN/PERSONAL CARE | C64: Michael Davis | D64: 432661 | E64: BATTERY,EVEREADY,ALKALN,D,8PK | F64: PK | G64: 8 | H64: 864 | I64: BATTERIES | J64: 520 | K64: ENERGIZER BATTERY INC | L64: Need Alt - Sales > $500 | O64: N/A | AF64: 55469.371 | AG64: Y | AH64: 287 | AI64: N | AJ64: N | AK64: N | AO64: N | AP64: N | AQ64: N/A | AR64: N/A | AS64: BSD Master Remove | AT64: X | AU64: Need Alt - Sales > $500.00 | AV64: Provide Alt SKU
A65: 1 | B65: FURNITURE | C65: Open | D65: 783954 | E65: FRAME,3-IN-1,WOOD,11X14,BLK | F65: EA | G65: 1 | H65: 697 | I65: OFFICE DECOR | J65: 5472 | K65: VICTORY LIGHT USA | L65: 305474 | M65: N | N65: 1 | O65: okay | P65: FRAME,GALRY,FLT,11X14,BLACK | Q65: EA | R65: 1 | S65: 3071 | T65: UNIEK INC | U65: N | V65: N | W65: N | X65: N | Y65: N | Z65: N | AA65: N | AB65: 332 | AD65: Do not remove | AE65: Common | AF65: 55017.306 | AG65: Y | AH65: 71 | AI65: N | AJ65: N | AK65: N | AO65: N | AP65: N | AQ65: N/A | AR65: N/A | AS65: SharePoint Removes | AT65: good | AU65: n/a | AV65: n/a
A66: 47 | B66: CLEAN/PERSONAL CARE | C66: Michael Davis | D66: 407784 | E66: CLEANER,LYSOL,ALLPRP,32OZ | F66: CT | G66: 12 | H66: 806 | I66: CLEANING SUPPLIES | J66: 100 | K66: SP RICHARDS | L66: Need Alt - Sales > $500 | O66: N/A | AF66: 53864.323 | AG66: Y | AH66: 52 | AI66: N | AJ66: N | AK66: N | AO66: N | AP66: N | AQ66: N/A | AR66: N/A | AS66: BSD Master Remove | AT66: X | AU66: Need Alt - Sales > $500.00 | AV66: Provide Alt SKU
A67: 47 | B67: CLEAN/PERSONAL CARE | C67: Michael Davis | D67: 536387 | E67: CLEANER,LEMN PNE SOL,3/CT | F67: CT | G67: 3 | H67: 806 | I67: CLEANING SUPPLIES | J67: 100 | K67: SP RICHARDS | L67: Need Alt - Sales > $500 | O67: N/A | AF67: 51854.367 | AG67: Y | AH67: 48 | AI67: N | AJ67: N | AK67: N | AO67: N | AP67: N | AQ67: N/A | AR67: N/A | AS67: BSD Master Remove | AT67: X | AU67: Need Alt - Sales > $500.00 | AV67: Provide Alt SKU
A68: 47 | B68: CLEAN/PERSONAL CARE | C68: Michael Davis | D68: 720030 | E68: PADLOCK,LONG SHACKLE | F68: EA | G68: 1 | H68: 815 | I68: SAFETY/SECURITY | J68: 100 | K68: SP RICHARDS | L68: Need Alt - Sales > $500 | O68: N/A | AF68: 51701.573 | AG68: Y | AH68: 54 | AI68: N | AJ68: N | AK68: N | AO68: N | AP68: N | AQ68: N/A | AR68: N/A | AS68: SharePoint Removes | AT68: X | AU68: Need Alt - Sales > $500.00 | AV68: Provide Alt SKU
A69: 1 | B69: FURNITURE | C69: Open | D69: 449506 | E69: CLOCK,24HR,14",SET/FORGET,BLK | F69: EA | G69: 1 | H69: 697 | I69: OFFICE DECOR | J69: 5472 | K69: VICTORY LIGHT USA | L69: 706685 | M69: N | N69: 1 | O69: okay | P69: WALL CLOCK,14",EASY TO READ | Q69: EA | R69: 1 | S69: 1002430 | T69: MZ BERGER & COMPANY INC | U69: N | V69: N | W69: N | X69: Y | Y69: N | Z69: N | AA69: N | AB69: 334 | AC69: 232 | AD69: Do not remove | AE69: Essential 60K | AF69: 51696.822 | AG69: Y | AH69: 109 | AI69: N | AJ69: N | AK69: N | AO69: N | AP69: N | AQ69: N/A | AR69: N/A | AS69: SharePoint Removes | AT69: good | AU69: n/a | AV69: n/a
A70: 43 | B70: BREAKROOM | C70: Michael Davis | D70: 258098 | E70: PRINGLES,VARIETY,PACK,36CT | F70: EA | G70: 1 | H70: 813 | I70: FOOD | J70: 1060404 | K70: G AND J HOLDINGS LLC | L70: Need Alt - Sales > $500 | O70: N/A | AF70: 51581.16 | AG70: Y | AH70: 12 | AI70: N | AJ70: N | AK70: N | AO70: N | AP70: N | AQ70: N/A | AR70: N/A | AS70: SharePoint Removes | AT70: X | AU70: Need Alt - Sales > $500.00 | AV70: Provide Alt SKU
A71: 44 | B71: OFFICE ESSENTIALS | C71: Robert Giles | D71: 573389 | E71: NOTE,POST-IT,RULED,4X6,YLW | F71: PK | G71: 12 | H71: 506 | I71: SELF STICK NOTES | J71: 100 | K71: SP RICHARDS | L71: 172619 | M71: N | N71: 44 | O71: okay | P71: POSTIT NOTE,RULED,4X6,12PK,YLW | Q71: PK | R71: 12 | S71: 373 | T71: 3M CO | U71: D | V71: N | W71: N | X71: N | Y71: N | Z71: N | AA71: N | AD71: Do not remove | AE71: Common | AF71: 50725.445 | AG71: Y | AH71: 36 | AI71: N | AJ71: N | AK71: N | AO71: N | AP71: N | AQ71: N/A | AR71: N/A | AS71: SharePoint Removes | AT71: good | AU71: n/a | AV71: n/a
A72: 47 | B72: CLEAN/PERSONAL CARE | C72: Michael Davis | D72: 133754 | E72: SPRAY,DSNFCT,ORIG19OZ12EA | F72: CT | G72: 12 | H72: 806 | I72: CLEANING SUPPLIES | J72: 100 | K72: SP RICHARDS | L72: Need Alt - Sales > $500 | O72: N/A | AF72: 50368.393 | AG72: Y | AH72: 41 | AI72: N | AJ72: N | AK72: N | AO72: N | AP72: N | AQ72: N/A | AR72: N/A | AS72: BSD Master Remove | AT72: X | AU72: Need Alt - Sales > $500.00 | AV72: Provide Alt SKU
A73: 43 | B73: BREAKROOM | C73: Michael Davis | D73: 101520 | E73: SNACK,PRETZLE,SNCKATTCK | F73: BX | G73: 30 | H73: 813 | I73: FOOD | J73: 1003428 | K73: SP RICHARDS | L73: 912184 | N73: 43 | O73: N/A | P73: PRETZELS MINI TWISTS 40 OZ | Q73: EA | R73: 1 | S73: 1180892 | T73: SP RICHARDS | U73: D | V73: Y | W73: N | X73: N | Y73: Y | Z73: N | AA73: N | AD73: Do Not Remove | AE73: Essential 60K | AF73: 48506.129 | AG73: Y | AH73: 222 | AI73: N | AJ73: Y | AK73: N | AL73: N | AO73: N | AP73: N | AQ73: N/A | AR73: N | AS73: Wholesale Discos-SP Primary | AT73: good | AU73: n/a | AV73: n/a
A74: 58 | B74: PRESENTATION | C74: Open | D74: 983742 | E74: HANGER,PARTITION,ADJ,BAR | F74: PR | G74: 1 | H74: 705 | I74: PRESENTATION BOARDS | J74: 467413 | K74: ACCO BRANDS USA LLC | L74: 484148 | M74: N | N74: 44 | O74: okay | P74: STRIPS,PIC HANG,CABINET,50CA | Q74: CA | R74: 50 | S74: 373 | T74: 3M CO | U74: D | V74: N | W74: N | X74: N | Y74: N | Z74: N | AA74: N | AB74: 234 | AC74: 175 | AD74: Do not remove | AE74: Essential 60K | AF74: 46247.207 | AG74: Y | AH74: 81 | AI74: N | AJ74: N | AK74: N | AO74: N | AP74: N | AQ74: N/A | AR74: N/A | AS74: SharePoint Removes | AT74: good | AU74: n/a | AV74: n/a
A75: 58 | B75: PRESENTATION | C75: Open | D75: 691864 | E75: BOARD,DRY-ERASE,3'X4',WHITE | F75: EA | G75: 1 | H75: 705 | I75: PRESENTATION BOARDS | J75: 467413 | K75: ACCO BRANDS USA LLC | L75: 679482 | M75: N | N75: 58 | O75: okay | P75: BOARD,PORCELAIN,TITANIUM,4x8 | Q75: EA | R75: 1 | S75: 467413 | T75: ACCO BRANDS USA LLC | U75: D | V75: N | W75: N | X75: Y | Y75: N | Z75: N | AA75: N | AB75: 359 | AC75: 252 | AD75: Do not remove | AE75: Essential 60K | AF75: 46096.371 | AG75: Y | AH75: 168 | AI75: N | AJ75: N | AK75: N | AO75: N | AP75: N | AQ75: N/A | AR75: N/A | AS75: SharePoint Removes | AT75: good | AU75: n/a | AV75: n/a
A76: 58 | B76: PRESENTATION | C76: Open | D76: 875439 | E76: MAGNETIC PORCELAIN MKRBOARD | F76: EA | G76: 1 | H76: 705 | I76: PRESENTATION BOARDS | J76: 100 | K76: SP RICHARDS | L76: 679329 | M76: N | N76: 58 | O76: okay | P76: BOARD,PORCELAIN,3x4,TITANIUM | Q76: EA | R76: 1 | S76: 467413 | T76: ACCO BRANDS USA LLC | U76: D | V76: N | W76: N | X76: Y | Y76: N | Z76: N | AA76: N | AB76: 359 | AC76: 252 | AD76: Do not remove | AE76: Essential 60K | AF76: 44490.362 | AG76: Y | AH76: 18 | AI76: N | AJ76: N | AK76: N | AO76: N | AP76: N | AQ76: N/A | AR76: N/A | AS76: SharePoint Removes | AT76: good | AU76: n/a | AV76: n/a
A77: 43 | B77: BREAKROOM | C77: Michael Davis | D77: 156311 | E77: CUP,PLASTIC,BLUE16OZ,50BG | F77: PK | G77: 50 | H77: 580 | I77: BREAKROOM ESSENTIALS | J77: 1180892 | K77: SP RICHARDS | L77: Need Alt - Sales > $500 | O77: N/A | AF77: 44274.608 | AG77: Y | AH77: 159 | AI77: N | AJ77: Y | AK77: N | AL77: N | AO77: N | AP77: N | AQ77: N/A | AR77: N | AS77: Wholesale Discos-SP Primary | AT77: X | AU77: Need Alt - Sales > $500.00 | AV77: Provide Alt SKU
A78: 66 | B78: BUSINESS MACHINES | C78: Tina Pruitt Bashiri | D78: 410321 | E78: CALCULATOR,PRINT,2 CLR,12 DIG | F78: EA | G78: 1 | H78: 223 | I78: CALCULATORS | J78: 1063905 | K78: CASIO AMERICA INC | L78: 123371 | M78: N | N78: 66 | O78: okay | P78: CALCULATOR,PRINTING,MP11DX2 | Q78: EA | R78: 1 | S78: 414297 | T78: CANON USA INC | U78: N | V78: Y | W78: N | X78: N | Y78: Y | Z78: N | AA78: N | AB78: 625 | AD78: Do Not Remove | AE78: Wholesale | AF78: 44225.514 | AG78: Y | AH78: 22 | AI78: Y | AJ78: N | AK78: N | AO78: N | AP78: N | AQ78: N/A | AR78: N/A | AS78: SharePoint Removes | AT78: good | AU78: n/a | AV78: n/a
A79: 47 | B79: CLEAN/PERSONAL CARE | C79: Michael Davis | D79: 577745 | E79: CLEANER,MULTISURF,WINDEX,26OZ | F79: EA | G79: 1 | H79: 806 | I79: CLEANING SUPPLIES | J79: 1180892 | K79: SP RICHARDS | L79: 431050 | N79: 47 | O79: N/A | P79: WINDEX,ANTIBACTERIAL | Q79: EA | R79: 1 | S79: 1021593 | T79: ESSENDANT CO | U79: D | V79: Y | W79: N | X79: N | Y79: Y | Z79: N | AA79: N | AD79: Do Not Remove | AE79: Wholesale | AF79: 44165.547 | AG79: Y | AH79: 100 | AI79: N | AJ79: Y | AK79: N | AL79: N | AO79: N | AP79: N | AQ79: N/A | AR79: N | AS79: Wholesale Discos-SP Primary | AT79: good | AU79: n/a | AV79: n/a
A80: 58 | B80: PRESENTATION | C80: Open | D80: 190838 | E80: BOARD,GLASS,DE,3X2,BLACK | F80: EA | G80: 1 | H80: 705 | I80: PRESENTATION BOARDS | J80: 467413 | K80: ACCO BRANDS USA LLC | L80: 190919 | M80: N | N80: 58 | O80: okay | P80: BOARD,GLASS,DE,3X2,WHT | Q80: EA | R80: 1 | S80: 467413 | T80: ACCO BRANDS USA LLC | U80: D | V80: N | W80: N | X80: N | Y80: N | Z80: N | AA80: N | AD80: Do not remove | AE80: Essential 60K | AF80: 41796.911 | AG80: Y | AH80: 171 | AI80: Y | AJ80: N | AK80: N | AO80: N | AP80: N | AQ80: N/A | AR80: N/A | AS80: SharePoint Removes | AT80: good | AU80: n/a | AV80: n/a
A81: 1 | B81: FURNITURE | C81: Open | D81: 825712 | E81: CLOCK,WALL,SETNFORGET,13.5" | F81: EA | G81: 1 | H81: 697 | I81: OFFICE DECOR | J81: 5472 | K81: VICTORY LIGHT USA | L81: 706685 | M81: N | N81: 1 | O81: okay | P81: WALL CLOCK,14",EASY TO READ | Q81: EA | R81: 1 | S81: 1002430 | T81: MZ BERGER & COMPANY INC | U81: N | V81: N | W81: N | X81: Y | Y81: N | Z81: N | AA81: N | AB81: 334 | AC81: 232 | AD81: Do not remove | AE81: Essential 60K | AF81: 41787.16 | AG81: Y | AH81: 74 | AI81: N | AJ81: N | AK81: N | AO81: N | AP81: N | AQ81: N/A | AR81: N/A | AS81: SharePoint Removes | AT81: good | AU81: n/a | AV81: n/a
A82: 9 | B82: PC ACCESSORIES | C82: Eric Johnson | D82: 1927333 | E82: DUSTER,COMPRESSED GAS,7OZ. | F82: EA | G82: 1 | H82: 542 | I82: SURGE/CABLES | J82: 100 | K82: SP RICHARDS | L82: Need Alt - Sales > $500 | O82: N/A | AF82: 40002.443 | AG82: Y | AH82: 36 | AI82: N | AJ82: Y | AK82: N | AL82: N | AO82: N | AP82: N | AQ82: N/A | AR82: N | AS82: Wholesale Discos-SP Primary | AT82: X | AU82: Need Alt - Sales > $500.00 | AV82: Provide Alt SKU
A83: 58 | B83: PRESENTATION | C83: Open | D83: 685559 | E83: BOARD,MARKER,MM,4'X6',BLK FRME | F83: EA | G83: 1 | H83: 705 | I83: PRESENTATION BOARDS | J83: 467413 | K83: ACCO BRANDS USA LLC | L83: 730125 | M83: N | N83: 58 | O83: okay | P83: BOARD,MELAMINE,DRYERASE | Q83: EA | R83: 1 | S83: 373 | T83: 3M CO | U83: X | V83: N | W83: N | X83: N | Y83: N | Z83: N | AA83: N | AD83: Do not remove | AE83: Wholesale | AF83: 39959.765 | AG83: Y | AH83: 71 | AI83: N | AJ83: N | AK83: Y | AO83: N | AP83: N | AQ83: N/A | AR83: N/A | AS83: SharePoint Removes | AT83: X | AU83: Alt SKU has Invalid Procurement - Proc X = Unavailable | AV83: Update to Valid Procurement (N or D) OR Provide New Alt SKU
A84: 43 | B84: BREAKROOM | C84: Michael Davis | D84: 187512 | E84: PURIFIER,AIR,HARMONY,HOLMES | F84: EA | G84: 1 | H84: 810 | I84: APPLIANCES | J84: 994280 | K84: D&H DISTRIBUTING | L84: Need Alt - Sales > $500 | O84: N/A | AF84: 39530.025 | AG84: Y | AH84: 19 | AI84: N | AJ84: N | AK84: N | AO84: N | AP84: N | AQ84: N/A | AR84: N/A | AS84: SharePoint Removes | AT84: X | AU84: Need Alt - Sales > $500.00 | AV84: Provide Alt SKU
A85: 58 | B85: PRESENTATION | C85: Open | D85: 981105 | E85: BOARD,BLTN,CRK,4'X4',ALUM/FRM | F85: EA | G85: 1 | H85: 705 | I85: PRESENTATION BOARDS | J85: 467413 | K85: ACCO BRANDS USA LLC | L85: 489989 | M85: N | N85: 58 | O85: okay | P85: BOARD,CORK,ALUM FRAME,36"X48" | Q85: EA | R85: 1 | S85: 100 | T85: SP RICHARDS | U85: D | V85: Y | W85: N | X85: N | Y85: Y | Z85: N | AA85: N | AD85: Do not remove | AE85: Essential 60K | AF85: 39487.699 | AG85: Y | AH85: 31 | AI85: Y | AJ85: N | AK85: N | AO85: N | AP85: N | AQ85: N/A | AR85: N/A | AS85: SharePoint Removes | AT85: good | AU85: n/a | AV85: n/a
A86: 4 | B86: DATED AND FORMS | C86: Robert Giles | D86: 415748 | E86: NOTEBOOK,LTR,LEA,8.5x11,GREY | F86: EA | G86: 1 | H86: 313 | I86: BUSINESS NOTETAKING | J86: 1081018 | K86: GOOD CEN PRTG AND PKG CO LTD | L86: 161360 | M86: N | N86: 4 | O86: okay | P86: NOTEBOOK, CAMB LIM 9.5X6 80CT | Q86: EA | R86: 1 | S86: 880 | T86: ACCO BRANDS CORP | U86: N | V86: Y | W86: N | X86: N | Y86: Y | Z86: N | AA86: N | AB86: 56 | AC86: 49 | AD86: Do not remove | AE86: Essential 60K | AF86: 39072.685 | AG86: Y | AH86: 102 | AI86: Y | AJ86: N | AK86: Y | AM86: 52 | AN86: 51 | AO86: N | AP86: N | AQ86: N/A | AR86: N/A | AS86: SharePoint Removes | AT86: X | AU86: Orginal SKU is part of the BSD29 Catalog | AV86: Determing if original SKU should stay in the event - if so, REQUIRES ALT
A87: 43 | B87: BREAKROOM | C87: Michael Davis | D87: 244907 | E87: HEATER,FAN | F87: EA | G87: 1 | H87: 810 | I87: APPLIANCES | J87: 100 | K87: SP RICHARDS | L87: Need Alt - Sales > $500 | O87: N/A | AF87: 39004.003 | AG87: Y | AH87: 18 | AI87: N | AJ87: Y | AK87: N | AL87: N | AO87: N | AP87: N | AQ87: N/A | AR87: N | AS87: Wholesale Discos-SP Primary | AT87: X | AU87: Need Alt - Sales > $500.00 | AV87: Provide Alt SKU
A88: 47 | B88: CLEAN/PERSONAL CARE | C88: Michael Davis | D88: 432701 | E88: BATTERY,EVEREADY,ALKALN,C,8PK | F88: PK | G88: 8 | H88: 864 | I88: BATTERIES | J88: 520 | K88: ENERGIZER BATTERY INC | L88: Need Alt - Sales > $500 | O88: N/A | AF88: 37375.429 | AG88: Y | AH88: 244 | AI88: N | AJ88: N | AK88: N | AO88: N | AP88: N | AQ88: N/A | AR88: N/A | AS88: BSD Master Remove | AT88: X | AU88: Need Alt - Sales > $500.00 | AV88: Provide Alt SKU
A89: 66 | B89: BUSINESS MACHINES | C89: Tina Pruitt Bashiri | D89: 845193 | E89: SHREDDER,CC,LIGHT DUTY | F89: EA | G89: 1 | H89: 229 | I89: SHREDDERS | J89: 100 | K89: SP RICHARDS | L89: Need Alt - Sales > $500 | O89: N/A | AF89: 37223.787 | AG89: Y | AH89: 20 | AI89: N | AJ89: Y | AK89: N | AL89: N | AO89: N | AP89: N | AQ89: N/A | AR89: N | AS89: Wholesale Discos-SP Primary | AT89: X | AU89: Need Alt - Sales > $500.00 | AV89: Provide Alt SKU
A90: 43 | B90: BREAKROOM | C90: Michael Davis | D90: 507422 | E90: PRETZEL STICKS 40OZ TUB | F90: EA | G90: 1 | H90: 813 | I90: FOOD | J90: 1180892 | K90: SP RICHARDS | L90: 912184 | M90: N | N90: 43 | O90: okay | P90: PRETZELS MINI TWISTS 40 OZ | Q90: EA | R90: 1 | S90: 1180892 | T90: SP RICHARDS | U90: D | V90: Y | W90: N | X90: N | Y90: Y | Z90: N | AA90: N | AD90: Do not remove | AE90: Essential 60K | AF90: 37094.869 | AG90: Y | AH90: 33 | AI90: Y | AJ90: N | AK90: N | AO90: N | AP90: N | AQ90: N/A | AR90: N/A | AS90: SharePoint Removes | AT90: good | AU90: n/a | AV90: n/a
A91: 43 | B91: BREAKROOM | C91: Michael Davis | D91: 202725 | E91: TEA,TAZO ZEN,24CT | F91: BX | G91: 24 | H91: 809 | I91: COFFEE & CONDIMENTS | J91: 450983 | K91: VISTAR CORP | L91: 485916 | M91: N | N91: 43 | O91: okay | P91: TEA,WHITE,ORANGE SPICE | Q91: BX | R91: 16 | S91: 100 | T91: SP RICHARDS | U91: D | V91: Y | W91: N | X91: N | Y91: Y | Z91: N | AA91: N | AC91: 265 | AD91: Do not remove | AE91: Wholesale | AF91: 37062.876 | AG91: Y | AH91: 159 | AI91: Y | AJ91: N | AK91: N | AM91: 388 | AN91: 265 | AO91: N | AP91: N | AQ91: N/A | AR91: N/A | AS91: SharePoint Removes | AT91: X | AU91: Orginal SKU is part of the BSD29 Catalog | AV91: Determing if original SKU should stay in the event - if so, REQUIRES ALT
A92: 58 | B92: PRESENTATION | C92: Open | D92: 163910 | E92: BOARD,ERASE,DRY,3' X 4' | F92: EA | G92: 1 | H92: 705 | I92: PRESENTATION BOARDS | J92: 467413 | K92: ACCO BRANDS USA LLC | L92: 717204 | M92: N | N92: 58 | O92: okay | P92: BOARD,MARKER,ALUM-FRAME,3'X4' | Q92: EA | R92: 1 | S92: 467413 | T92: ACCO BRANDS USA LLC | U92: D | V92: N | W92: N | X92: Y | Y92: N | Z92: N | AA92: N | AB92: 362 | AC92: 254 | AD92: Do not remove | AE92: Essential 60K | AF92: 37056.749 | AG92: Y | AH92: 147 | AI92: N | AJ92: N | AK92: Y | AO92: N | AP92: N | AQ92: N/A | AR92: N/A | AS92: SharePoint Removes | AT92: good | AU92: n/a | AV92: n/a
A93: 43 | B93: BREAKROOM | C93: Michael Davis | D93: 202732 | E93: TAZO TEA AWAKE,24CT | F93: BX | G93: 25 | H93: 809 | I93: COFFEE & CONDIMENTS | J93: 450983 | K93: VISTAR CORP | L93: 138517 | M93: N | N93: 43 | O93: okay | P93: TEA,EMPEROR'S PUERH,BR | Q93: BX | R93: 1 | S93: 100 | T93: SP RICHARDS | U93: D | V93: Y | W93: N | X93: N | Y93: Y | Z93: N | AA93: N | AD93: Do not remove | AE93: Wholesale | AF93: 36113.768 | AG93: Y | AH93: 185 | AI93: Y | AJ93: N | AK93: N | AM93: 388 | AN93: 265 | AO93: N | AP93: N | AQ93: N/A | AR93: N/A | AS93: SharePoint Removes | AT93: X | AU93: Orginal SKU is part of the BSD29 Catalog | AV93: Determing if original SKU should stay in the event - if so, REQUIRES ALT
A94: 65 | B94: TONERS/OTHER IMAGING | C94: Robert Cummins | D94: 546750 | E94: TONER,LBL,RMN,LEXMARK,T640,BLK | F94: EA | G94: 1 | H94: 144 | I94: LASER PRINTER SUPP | J94: 6229 | K94: LEXMARK INTL INC | L94: Need Alt - Sales > $500 | O94: N/A | AF94: 36053.173 | AG94: Y | AH94: 48 | AI94: N | AJ94: N | AK94: N | AO94: N | AP94: N | AQ94: N/A | AR94: N/A | AS94: BSD Master Remove | AT94: X | AU94: Need Alt - Sales > $500.00 | AV94: Provide Alt SKU
A95: 58 | B95: PRESENTATION | C95: Open | D95: 388622 | E95: BOARD,CORK,18"X24",OAK FRAME | F95: EA | G95: 1 | H95: 705 | I95: PRESENTATION BOARDS | J95: 467413 | K95: ACCO BRANDS USA LLC | L95: 188186 | M95: N | N95: 58 | O95: okay | P95: BOARD,FORAY,CORK,18X24,TAN | Q95: EA | R95: 1 | S95: 814965 | T95: NINGBO DELI IMP & EXP CO LTD | U95: N | V95: N | W95: N | X95: Y | Y95: N | Z95: N | AA95: N | AB95: 367 | AC95: 255 | AD95: Do not remove | AE95: Common Other | AF95: 35347.707 | AG95: Y | AH95: 46 | AI95: N | AJ95: N | AK95: N | AO95: N | AP95: N | AQ95: N/A | AR95: N/A | AS95: SharePoint Removes | AT95: good | AU95: n/a | AV95: n/a
A96: 47 | B96: CLEAN/PERSONAL CARE | C96: Michael Davis | D96: 232622 | E96: TISSUE,TOILETPLUSH,WHITE,12PK | F96: PK | G96: 12 | H96: 805 | I96: PAPER PRODUCTS | J96: 943000 | K96: GEORGIA PACIFIC CONSMR PRODTS | L96: 418341 | M96: N | N96: 47 | O96: okay | P96: TISSUE,TOILET,WHITE,3PLY,36PK | Q96: PK | R96: 30 | S96: 943000 | T96: GEORGIA PACIFIC CONSMR PRODTS | U96: D | V96: N | W96: N | X96: N | Y96: N | Z96: N | AA96: N | AB96: 426 | AD96: Do Not Remove | AE96: Essential 60K | AF96: 34642.186 | AG96: Y | AH96: 100 | AI96: N | AJ96: N | AK96: N | AO96: N | AP96: N | AQ96: N/A | AR96: N/A | AS96: SharePoint Removes | AT96: good | AU96: n/a | AV96: n/a
A97: 58 | B97: PRESENTATION | C97: Open | D97: 685433 | E97: BOARD,MARKER,MM,3'X4',BLK FRME | F97: EA | G97: 1 | H97: 705 | I97: PRESENTATION BOARDS | J97: 467413 | K97: ACCO BRANDS USA LLC | L97: 298523 | M97: N | N97: 58 | O97: okay | P97: BOARD,MARKER,MM,3'X4',ALUM FRM | Q97: EA | R97: 1 | S97: 467413 | T97: ACCO BRANDS USA LLC | U97: D | V97: N | W97: N | X97: Y | Y97: N | Z97: N | AA97: N | AB97: 362 | AC97: 254 | AD97: Do not remove | AE97: Essential 60K | AF97: 34623.664 | AG97: Y | AH97: 68 | AI97: N | AJ97: N | AK97: Y | AO97: N | AP97: N | AQ97: N/A | AR97: N/A | AS97: SharePoint Removes | AT97: good | AU97: n/a | AV97: n/a
A98: 43 | B98: BREAKROOM | C98: Michael Davis | D98: 462341 | E98: TEA,TAZO,ASSORTED | F98: BX | G98: 24 | H98: 809 | I98: COFFEE & CONDIMENTS | J98: 450983 | K98: VISTAR CORP | L98: 485754 | M98: N | N98: 43 | O98: okay | P98: TEA,GREEN,GUNPOWDER | Q98: BX | R98: 18 | S98: 100 | T98: SP RICHARDS | U98: D | V98: Y | W98: N | X98: N | Y98: Y | Z98: N | AA98: N | AC98: 265 | AD98: Do not remove | AE98: Wholesale | AF98: 34447.331 | AG98: Y | AH98: 165 | AI98: Y | AJ98: N | AK98: N | AN98: 265 | AO98: N | AP98: N | AQ98: N/A | AR98: N/A | AS98: SharePoint Removes | AT98: good | AU98: n/a | AV98: n/a
A99: 58 | B99: PRESENTATION | C99: Open | D99: 681160 | E99: BOARD,BULLETIN,3'X4',CORK,ALUM | F99: EA | G99: 1 | H99: 705 | I99: PRESENTATION BOARDS | J99: 467413 | K99: ACCO BRANDS USA LLC | L99: 403508 | M99: N | N99: 58 | O99: okay | P99: BOARD,CORK,48"X36",OAK FRAME | Q99: EA | R99: 1 | S99: 467413 | T99: ACCO BRANDS USA LLC | U99: D | V99: N | W99: N | X99: N | Y99: N | Z99: N | AA99: N | AD99: Do not remove | AE99: Essential 60K | AF99: 34402.644 | AG99: Y | AH99: 100 | AI99: N | AJ99: N | AK99: N | AO99: N | AP99: N | AQ99: N/A | AR99: N/A | AS99: SharePoint Removes | AT99: good | AU99: n/a | AV99: n/a
A100: 43 | B100: BREAKROOM | C100: Michael Davis | D100: 285412 | E100: RACK,KCUP,8 SLEEVE | F100: EA | G100: 1 | H100: 809 | I100: COFFEE & CONDIMENTS | J100: 447198 | K100: KEURIG GREEN MOUNTAIN | L100: 8341168 | M100: N | N100: 43 | O100: okay | P100: STORAGE RACK,PREM,KCUP,8SLV | Q100: EA | R100: 1 | S100: 447198 | T100: KEURIG GREEN MOUNTAIN | U100: X | V100: N | W100: N | X100: N | Y100: N | Z100: N | AA100: N | AD100: Not in BSD Master | AE100: Not in Stocking Strategy | AF100: 33282.724 | AG100: Y | AH100: 48 | AI100: N | AJ100: N | AK100: N | AO100: N | AP100: N | AQ100: N/A | AR100: N/A | AS100: SharePoint Removes | AT100: X | AU100: Alt SKU has Invalid Procurement - Proc X = Unavailable | AV100: Update to Valid Procurement (N or D) OR Provide New Alt SKU
...

Sheet AY 19-20 Dated Transition
A1: Dept | B1: Dept Name | C1: DMD | D1: Current SKU | E1: Current Item Description | F1: Go Forward SKU (Alt) | G1: Alt Item Description
A2: 4 | B2: Dated & Forms | C2: Robert Giles | D2: 255956 | E2: CALENDAR,WALL,AY19,MTH,15X22 | F2: 6994757 | G2: CALENDER,ACADEMIC,MNTH,WALL
A3: 4 | B3: Dated & Forms | C3: Robert Giles | D3: 241842 | E3: CALENDAR,WALL,AY19,MNTH,15X12 | F3: 6996267 | G3: PLN-A-MO,AY,15X12,WALL,CAL
A4: 4 | B4: Dated & Forms | C4: Robert Giles | D4: 609717 | E4: CALENDAR,DESK,22X17,OD,AY18-19 | F4: 8226619 | G4: CALENDAR,M,DESK,AY20,22X17
A5: 4 | B5: Dated & Forms | C5: Robert Giles | D5: 882563 | E5: DESKPAD,AY19,MTH22X17,2,COLOR | F5: 6994370 | G5: DESKPAD,AY,2/COLOR
A6: 4 | B6: Dated & Forms | C6: Robert Giles | D6: 896862 | E6: PLANNER,AY19,W/M,LRG,PROF,BRN | F6: 9566062 | G6: PLANNER,SIGNATURE,WM,LG,BRN
A7: 4 | B7: Dated & Forms | C7: Robert Giles | D7: 960464 | E7: PLANNER,AY19,W/M,SM,PROF,BRN | F7: 9566076 | G7: PLANNER,SIGNATURE,WM,SM,BRN
A8: 4 | B8: Dated & Forms | C8: Robert Giles | D8: 216377 | E8: PLANNER,AY19,M,8.8X11,DKGRAY | F8: 9566111 | G8: PLANNER,SIGNATURE,M,LG,GRY
A9: 4 | B9: Dated & Forms | C9: Robert Giles | D9: 862487 | E9: PLANNER,AY19,WM,9X11,ASPIRE | F9: 6996378 | G9: ASPIRE,DESK/PROFESSIONAL,WK/MO
A10: 4 | B10: Dated & Forms | C10: Robert Giles | D10: 894779 | E10: PLANNER,AY19,WM,5.75X8.5,DKGRY | F10: 9566140 | G10: PLANNER,SIGNATURE,WM,SM,GRY
A11: 4 | B11: Dated & Forms | C11: Robert Giles | D11: 198192 | E11: PLANNER,AY19,WM,5.5X8.5,ASPIRE | F11: 6996416 | G11: DESK,WEEKLY,MONTHLY,,ASPIRE
A12: 4 | B12: Dated & Forms | C12: Robert Giles | D12: 935567 | E12: PLANNER,AY19,WK/MO,5X8,PRP | F12: 9567997 | G12: PLANNER,CONTEMPO,WM,SM,PRPLE
A13: 4 | B13: Dated & Forms | C13: Robert Giles | D13: 417223 | E13: PLANNER,AY19,WK/MO,8X11,PRP | F13: 9568085 | G13: PLANNER,CONTEMPO,WM,LG,PRPLE
... A58: 4 | B58: Dated & Forms | C58: Robert Giles | D58: 617603 | E58: PLANNER,WM,6X8,STELLAR,BU,AY19 | F58: 3693602 | G58: PLANNR,WM,6X8,STELLAR,BLU,AY20

Sheet AY 19-20 Dated Transition V2
A1: Dept | B1: Dept Name | C1: DMD | D1: Current SKU | E1: Current Item Description | F1: Go Forward SKU (Alt) | G1: Alt Item Description
A2: 4 | B2: Dated & Forms | C2: Robert Giles | D2: 255956 | E2: CALENDAR,WALL,AY19,MTH,15X22 | F2: 6994757 | G2: CALENDER,ACADEMIC,MNTH,WALL
A3: 4 | B3: Dated & Forms | C3: Robert Giles | D3: 241842 | E3: CALENDAR,WALL,AY19,MNTH,15X12 | F3: 6996267 | G3: PLN-A-MO,AY,15X12,WALL,CAL
A4: 4 | B4: Dated & Forms | C4: Robert Giles | D4: 609717 | E4: CALENDAR,DESK,22X17,OD,AY18-19 | F4: 8226619 | G4: CALENDAR,M,DESK,AY20,22X17
A5: 4 | B5: Dated & Forms | C5: Robert Giles | D5: =VLOOKUP(F54,Sheet3!$A$2:$D$52,4,FALSE) -> 831797 | E5: PLANNER,MTHY,AY19,9X11,BLACK | F5: 9565886 | G5: DESKPAD,AY,STND,CONTEMPO
A6: 4 | B6: Dated & Forms | C6: Robert Giles | D6: 882563 | E6: DESKPAD,AY19,MTH22X17,2,COLOR | F6: 6994370 | G6: DESKPAD,AY,2/COLOR
A7: 4 | B7: Dated & Forms | C7: Robert Giles | D7: 896862 | E7: PLANNER,AY19,W/M,LRG,PROF,BRN | F7: 9566062 | G7: PLANNER,SIGNATURE,WM,LG,BRN
A8: 4 | B8: Dated & Forms | C8: Robert Giles | D8: 960464 | E8: PLANNER,AY19,W/M,SM,PROF,BRN | F8: 9566076 | G8: PLANNER,SIGNATURE,WM,SM,BRN
A9: 4 | B9: Dated & Forms | C9: Robert Giles | D9: 216377 | E9: PLANNER,AY19,M,8.8X11,DKGRAY | F9: 9566111 | G9: PLANNER,SIGNATURE,M,LG,GRY
A10: 4 | B10: Dated & Forms | C10: Robert Giles | D10: 862487 | E10: PLANNER,AY19,WM,9X11,ASPIRE | F10: 6996378 | G10: ASPIRE,DESK/PROFESSIONAL,WK/MO
A11: 4 | B11: Dated & Forms | C11: Robert Giles | D11: 894779 | E11: PLANNER,AY19,WM,5.75X8.5,DKGRY | F11: 9566140 | G11: PLANNER,SIGNATURE,WM,SM,GRY
A12: 4 | B12: Dated & Forms | C12: Robert Giles | D12: 198192 | E12: PLANNER,AY19,WM,5.5X8.5,ASPIRE | F12: 6996416 | G12: DESK,WEEKLY,MONTHLY,,ASPIRE
A13: 4 | B13: Dated & Forms | C13: Robert Giles | D13: =VLOOKUP(F62,Sheet3!$A$2:$D$52,4,FALSE) -> 169613 | E13: PLANNER,AY19,WM,5.68X8,EMMA | F13: 9566269 | G13: PLANNER,HARMONY,WM,LG,BRY
A14: 4 | B14: Dated & Forms | C14: Robert Giles | D14: =VLOOKUP(F63,Sheet3!$A$2:$D$52,4,FALSE) -> 725822 | E14: PLANNER,AY19,WM,9.25X11.38,EMA | F14: 9566292 | G14: PLANNER,HARMONY,DM,MED,BRY
A15: 4 | B15: Dated & Forms | C15: Robert Giles | D15: =VLOOKUP(F64,Sheet3!$A$2:$D$52,4,FALSE) -> 454217 | E15: DESKPAD,MAY19,10.88X17.75,ROSE | F15: 6997013 | G15: BUTTERCUP,SMALL,WEEKLY/MONTHLY
A16: 4 | B16: Dated & Forms | C16: Robert Giles | D16: =VLOOKUP(F65,Sheet3!$A$2:$D$52,4,FALSE) -> 722351 | E16: PLANNER,AY19,WM,9.88X11.38,CAR | F16: 6996591 | G16: BUTTERCUP,LARGE,WEEKLY/MONTHLY
A17: 4 | B17: Dated & Forms | C17: Robert Giles | D17: 604157 | E17: PLANNER,AY19,WM,5.75X8.125,BDG | F17: 6997533 | G17: PLANNER,BADGE,FLORAL,SMALL,W/M
A18: 4 | B18: Dated & Forms | C18: Robert Giles | D18: 181506 | E18: PLANNER,AY19,WM,9.88X11.38,BDG | F18: 6997541 | G18: PLANNER,BADGE,FLORAL,LARGE
A19: 4 | B19: Dated & Forms | C19: Robert Giles | D19: 604157 | E19: PLANNER,AY19,WM,5.75X8.125,BDG | F19: 9566842 | G19: PLANNER,BADGE,M,PKT,FLORAL
A20: 4 | B20: Dated & Forms | C20: Robert Giles | D20: 722351 | E20: PLANNER,AY19,WM,9.88X11.38,CAR | F20: 6995002 | G20: BADGE,STRIPE,WEEKLY/MONTHLY
A21: 4 | B21: Dated & Forms | C21: Robert Giles | D21: 397931 | E21: PLANNER,AY19,WM,5.75X8.125,CAR | F21: 6995214 | G21: BADGE,STRIPE,WEEKLY/MONTHLY
A22: 4 | B22: Dated & Forms | C22: Robert Giles | D22: 397931 | E22: PLANNER,AY19,WM,5.75X8.125,CAR | F22: 6995270 | G22: BADGE,STRIPE,2,YR,PLANNER
A23: 4 | B23: Dated & Forms | C23: Robert Giles | D23: 249244 | E23: PLANNER,AY19,WM,5.5X8.5,JUNE | F23: 6995627 | G23: IVORY,ELLA,SMALL,POLY,W/M
A24: 4 | B24: Dated & Forms | C24: Robert Giles | D24: 870500 | E24: PLANNER,AY19,WM,9X11,JUNE | F24: 6995645 | G24: IVORY,ELLA,LRG,W/M,POLY
A25: 4 | B25: Dated & Forms | C25: Robert Giles | D25: 896862 | E25: PLANNER,AY19,W/M,LRG,PROF,BRN | F25: 9567845 | G25: PLANNER,SIGNATURE,WM,LG,NVY
A26: 4 | B26: Dated & Forms | C26: Robert Giles | D26: 960464 | E26: PLANNER,AY19,W/M,SM,PROF,BRN | F26: 9567916 | G26: PLANNER,SIGNATURE,WM,SM,NVY
A27: 4 | B27: Dated & Forms | C27: Robert Giles | D27: 935567 | E27: PLANNER,AY19,WK/MO,5X8,PRP | F27: 9567997 | G27: PLANNER,CONTEMPO,WM,SM,PRPLE
A28: 4 | B28: Dated & Forms | C28: Robert Giles | D28: 417223 | E28: PLANNER,AY19,WK/MO,8X11,PRP | F28: 9568085 | G28: PLANNER,CONTEMPO,WM,LG,PRPLE
... A30: 4 | B30: Dated & Forms | C30: Robert Giles | D30: 610217 | E30: PLANNER,AY19,WM,8.88X11.38,TEA | F30: 9261202 | G30: APPOINTMENTBOOK,CONTMP,LG,TEAL
A31: 4 | B31: Dated & Forms | C31: Robert Giles | D31: =VLOOKUP(F80,Sheet3!$A$2:$D$52,4,FALSE) -> 356345 | E31: PLANNER,AY19,WM,9.88X11.38,ARI | F31: 9360274 | G31: PLANNER,WK/MTH,AY19-20
A32: 4 | B32: Dated & Forms | C32: Robert Giles | D32: 473948 | E32: PLANNER,AY19,WK/MO,5X8,BLK | F32: 9748052 | G32: WALL,CAL,DLY,RY19,7X9,BLK
A33: 4 | B33: Dated & Forms | C33: Robert Giles | D33: 790502 | E33: PLANNER,WM,AY19,9X11,POLY,BLK | F33: 9564041 | G33: PLANNER,PEYTON,8.5X11,AY20,WM
A34: 4 | B34: Dated & Forms | C34: Robert Giles | D34: 761145 | E34: PLANNER,,AY19,WKLY,8.25X10,BLK | F34: 9564088 | G34: PLANNER,PYTNWHT,5X8,AY20,WM
A35: 4 | B35: Dated & Forms | C35: Robert Giles | D35: 637041 | E35: PLANNER,AY19,W/M,8.5X11,CHAR | F35: 9564315 | G35: DESKPAD,PEYTNWHT,22X17,AY20,WM
A36: 4 | B36: Dated & Forms | C36: Robert Giles | D36: 634871 | E36: PLANNER,MO,AY19,8.38X11,CHARCO | F36: 9564410 | G36: WALL,CALL,PEYTNWHT,11X8,AY20,M
A37: 4 | B37: Dated & Forms | C37: Robert Giles | D37: 777856 | E37: PLANNER,DESK,AY19,MTH,9X11,BLK | F37: 9564433 | G37: PLANNER,PTONAVY,8.5X11,AY20,M
A38: 4 | B38: Dated & Forms | C38: Robert Giles | D38: 907941 | E38: PLANNER,WKMO,REC,AY19,8X11,BLK | F38: 9360274 | G38: PLANNER,WK/MTH,AY19-20
A39: 4 | B39: Dated & Forms | C39: Robert Giles | D39: 731573 | E39: PLANNER,WKMO,AY19,5X8,CHARCOAL | F39: 5953655 | G39: PLANNER,8X11,AY20,WM
A40: 4 | B40: Dated & Forms | C40: Robert Giles | D40: 721263 | E40: PLANNER,WKMO,AY19,9X11,CHARC | F40: 9294315 | G40: WALLCAL,15X12,DOTS,AY20,M
A41: 4 | B41: Dated & Forms | C41: Robert Giles | D41: 960467 | E41: PLANNER,DAILY,AY19,5X8,BLACK | F41: 9565277 | G41: WALL,CALL,STRIPES,11X8,AY20,M
A42: 4 | B42: Dated & Forms | C42: Robert Giles | D42: 127531 | E42: PLANNER,WM,8X11,H,OD,PJ,AY19 | F42: 8211081 | G42: WALLCAL,15X12,BARCELONA,AY20,M
A43: 4 | B43: Dated & Forms | C43: Robert Giles | D43: 789449 | E43: =VLOOKUP($D43,[3]By_SKU!$A$5:$B$29,2,FALSE) -> PLANNER,8X11,MAHALO,AY19,WM | F43: 8836815 | G43: PLANNER,8.5X11,DOTS,AY20,WM
A44: 4 | B44: Dated & Forms | C44: Robert Giles | D44: 649763 | E44: =VLOOKUP($D44,[3]By_SKU!$A$5:$B$29,2,FALSE) -> PLANNER,WKMO,AY19,8X11,BLACK | F44: 8767176 | G44: PLANNER,DPGREEN,WM,MED,BLACK
A45: 4 | B45: Dated & Forms | C45: Robert Giles | D45: 649763 | E45: =VLOOKUP($D45,[3]By_SKU!$A$5:$B$29,2,FALSE) -> PLANNER,WKMO,AY19,8X11,BLACK | F45: 8767438 | G45: PLANNER,AAGCORE,WKLY,PKT,BLACK
A46: 4 | B46: Dated & Forms | C46: Robert Giles | D46: 485738 | E46: =VLOOKUP($D46,[3]By_SKU!$A$5:$B$29,2,FALSE) -> PLANNER,8X11,TEACHSYMN,AY19,WM | F46: 8767600 | G46: PLANNER,TEACHER,WM,LG,NVY
A47: 4 | B47: Dated & Forms | C47: Robert Giles | D47: 649763 | E47: =VLOOKUP($D47,[3]By_SKU!$A$5:$B$29,2,FALSE) -> PLANNER,WKMO,AY19,8X11,BLACK | F47: 8767861 | G47: PLANNER,NOTETKR,MNTH,MED,BLK
A48: 4 | B48: Dated & Forms | C48: Robert Giles | D48: 745842 | E48: =VLOOKUP($D48,[3]By_SKU!$A$5:$B$29,2,FALSE) -> PLANNER,QN,WK,AY19,8X9,BLACK | F48: 8767943 | G48: PLANNER,NOTETKR,WM,LG,BLACK
A49: 4 | B49: Dated & Forms | C49: Robert Giles | D49: 513471 | E49: =VLOOKUP($D49,[3]By_SKU!$A$5:$B$29,2,FALSE) -> CALENDAR,11X8,WHITE,AY19,M | F49: 9562093 | G49: WALL,CAL,SWEETGEO,11X8,AY20,M
A50: 4 | B50: Dated & Forms | C50: Robert Giles | D50: 166739 | E50: =VLOOKUP($D50,[3]By_SKU!$A$5:$B$29,2,FALSE) -> PLANNERR,8X10,NAVY,AY19,DAILY | F50: 8602971 | G50: PLANNER,LVLYMN,8X10,AY20,WM
A51: 4 | B51: Dated & Forms | C51: Robert Giles | D51: 977102 | E51: =VLOOKUP($D51,[3]By_SKU!$A$5:$B$29,2,FALSE) -> PLANNER,5X8,STRIPE,AY19,DAILY | F51: 8603152 | G51: PLANNER,LVLYMN,6X8,AY20,WM
A52: 4 | B52: Dated & Forms | C52: Robert Giles | D52: 166739 | E52: =VLOOKUP($D52,[3]By_SKU!$A$5:$B$29,2,FALSE) -> PLANNERR,8X10,NAVY,AY19,DAILY | F52: 8603243 | G52: PLANNER,NWPKSP,8X10,AY20,DM
A53: 4 | B53: Dated & Forms | C53: Robert Giles | D53: 892763 | E53: =VLOOKUP($D53,[3]By_SKU!$A$5:$B$29,2,FALSE) -> PLANNER,8X11,PEYTNWHIT,AY19,WM | F53: 9562351 | G53: PLANNER,ANTIGUA,8.5X11,AY20,WM
A54: 4 | B54: Dated & Forms | C54: Robert Giles | D54: 831797 | E54: =VLOOKUP($D54,[3]By_SKU!$A$5:$B$29,2,FALSE) -> PLANNER,MTHY,AY19,9X11,BLACK | F54: 8603890 | G54: PADFOLIO,8.5X11,NAVY,NONDATED
... A62: 4 | B62: Dated & Forms | C62: Robert Giles | D62: 169613 | E62: =VLOOKUP($D62,[3]By_SKU!$A$5:$B$29,2,FALSE) -> PLANNER,AY19,WM,5.68X8,EMMA | F62: 6995452 | G62: EMILY,LEY,SMALL,WM,PINEAPPLE
A63: 4 | B63: Dated & Forms | C63: Robert Giles | D63: =VLOOKUP(F112,Sheet3!$A$2:$D$52,4,FALSE) -> 513471 | E63: =VLOOKUP($D63,[3]By_SKU!$A$5:$B$29,2,FALSE) -> CALENDAR,11X8,WHITE,AY19,M | F63: 8768779 | G63: PLANNER,EMILYLEY,M,LRG,NVY
A64: 4 | B64: Dated & Forms | C64: Robert Giles | D64: =VLOOKUP(F113,Sheet3!$A$2:$D$52,4,FALSE) -> 332447 | E64: =VLOOKUP($D64,[3]By_SKU!$A$5:$B$29,2,FALSE) -> PALNNER,8X11,TCHRDOT,AY19,WM | F64: 8768804 | G64: DESKPAD,AY,COMPACT,EMILYLEY
A65: 4 | B65: Dated & Forms | C65: Robert Giles | D65: =VLOOKUP(F114,Sheet3!$A$2:$D$52,4,FALSE) -> 170282 | E65: =VLOOKUP($D65,[3]By_SKU!$A$5:$B$29,2,FALSE) -> CALENDAR,15X12,FLORAL,AY19,M | F65: 6997163 | G65: EMILY,LEY,LG,WM,POLY,PLNR,HPY
A66: 4 | B66: Dated & Forms | C66: Robert Giles | D66: =VLOOKUP(F115,Sheet3!$A$2:$D$52,4,FALSE) -> 510699 | E66: =VLOOKUP($D66,[3]By_SKU!$A$5:$B$29,2,FALSE) -> DESKPAD,22X17,TEACHDOT,AY19,M | F66: 6995493 | G66: EMILY,LEY,SMALL,WM,HARDCOVER
A67: 4 | B67: Dated & Forms | C67: Robert Giles | D67: 798773 | E67: WALL,CAL,ERA,AYRY1819YR,36X24 | F67: 8768832 | G67: ERASABLE,AY,STND,REDGREEN
A68: 4 | B68: Dated & Forms | C68: Robert Giles | D68: 397155 | E68: CALENDAR,WALL,AYRY19,ERAS | F68: 6994472 | G68: AY/RY,JUMBO,ERASABLE
A69: 4 | B69: Dated & Forms | C69: Robert Giles | D69: 110123 | E69: WALL,CAL,ERA,AY/RY1819,Y,36X24 | F69: 8769030 | G69: ERASABLE,AY,STND,BLUERED
A70: 4 | B70: Dated & Forms | C70: Robert Giles | D70: 296564 | E70: DRYERASE,36X24,ASDOT,AY19,M | F70: 8604454 | G70: CALENDAR,DOTS,36X24,AY20,M
A71: 4 | B71: Dated & Forms | C71: Robert Giles | D71: 551478 | E71: DRYERASE,36X24,DLOLLIE,AY19,M | F71: 551478 | G71: DRYERASE,36X24,DLOLLIE,AY19,M
A72: 4 | B72: Dated & Forms | C72: Robert Giles | D72: 9743565 | E72: CALENDAR,ERASE,RY19,36X24,RVRS | F72: 9743565 | G72: CALENDAR,ERASE,RY19,36X24,RVRS
A73: 4 | B73: Dated & Forms | C73: Robert Giles | D73: 9743656 | E73: CALENDAR,ERASE,RY19,12X15,RVRS | F73: 9743656 | G73: CALENDAR,ERASE,RY19,12X15,RVRS
A74: 4 | B74: Dated & Forms | C74: Robert Giles | D74: 293657 | E74: CALNDAR,ERASE,YR,RY19,24X36,OD | F74: 293657 | G74: CALNDAR,ERASE,YR,RY19,24X36,OD
A75: 4 | B75: Dated & Forms | C75: Robert Giles | D75: 9749047 | E75: WALL,ERAES,YR,RY19,16X12,QN | F75: 9749047 | G75: WALL,ERAES,YR,RY19,16X12,QN
A76: 4 | B76: Dated & Forms | C76: Robert Giles | D76: 9811802 | E76: CALENDAR,WAL,15X12,PROF, RY19 | F76: 9811802 | G76: CALENDAR,WAL,15X12,PROF, RY19
A77: 4 | B77: Dated & Forms | C77: Robert Giles | D77: 101559 | E77: CALENDAR,WALL,YR,RY19,24X36,0D | F77: 101559 | G77: CALENDAR,WALL,YR,RY19,24X36,0D
A78: 4 | B78: Dated & Forms | C78: Robert Giles | D78: 9748052 | E78: WALL,CAL,DLY,RY19,7X9,BLK | F78: 9748052 | G78: WALL,CAL,DLY,RY19,7X9,BLK
A79: 4 | B79: Dated & Forms | C79: Robert Giles | D79: 693386 | E79: =VLOOKUP($D79,[3]By_SKU!$A$5:$B$29,2,FALSE) -> PLANNER,AY19,WM,5.75X8.125,ARI | F79: 8771732 | G79: PLANNER,SJW,WM,LRG,HRT
A80: 4 | B80: Dated & Forms | C80: Robert Giles | D80: 356345 | E80: =VLOOKUP($D80,[3]By_SKU!$A$5:$B$29,2,FALSE) -> PLANNER,AY19,WM,9.88X11.38,ARI | F80: 8771759 | G80: PLANNER,SJW,WM,SM,HRT
A81: 4 | B81: Dated & Forms | C81: Robert Giles | D81: 340815 | E81: =VLOOKUP($D81,[3]By_SKU!$A$5:$B$29,2,FALSE) -> PLANNER,AY19,WM,5.68X8,MIDROSE | F81: 8771820 | G81: PLANNER,SJW,WM,SM,ROSE
A82: 4 | B82: Dated & Forms | C82: Robert Giles | D82: 647972 | E82: =VLOOKUP($D82,[3]By_SKU!$A$5:$B$29,2,FALSE) -> PLANNER,AY19,WM,9.25X11.38,ROS | F82: 8771937 | G82: PLANNER,SJW,WM,SM,ROSE
A83: 4 | B83: Dated & Forms | C83: Robert Giles | D83: 302873 | E83: =VLOOKUP($D83,[3]By_SKU!$A$5:$B$29,2,FALSE) -> WALL,CAL,AY19,M,8.5X11,EMMA | F83: 8771981 | G83: STICKERS,SJW,SM,MULTI
A84: 4 | B84: Dated & Forms | C84: Robert Giles | D84: 454217 | E84: =VLOOKUP($D84,[3]By_SKU!$A$5:$B$29,2,FALSE) -> DESKPAD,MAY19,10.88X17.75,ROSE | F84: 8772016 | G84: DESKPAD,AY,MINI,SEEJANEWORK
A85: 4 | B85: Dated & Forms | C85: Robert Giles | D85: 302873 | E85: =VLOOKUP($D85,[3]By_SKU!$A$5:$B$29,2,FALSE) -> WALL,CAL,AY19,M,8.5X11,EMMA | F85: 8772096 | G85: WALL,AY,MED,SEEJANEWORK
A86: 4 | B86: Dated & Forms | C86: Robert Giles | D86: 630350 | E86: =VLOOKUP($D86,[3]By_SKU!$A$5:$B$29,2,FALSE) -> DESKPAD,11X8,PEYTONNAVY,AY19,M | F86: 8772142 | G86: NOTEPAD,UN,SMALL,SEEJANEWORK
A87: 4 | B87: Dated & Forms | C87: Robert Giles | D87: 630350 | E87: =VLOOKUP($D87,[3]By_SKU!$A$5:$B$29,2,FALSE) -> DESKPAD,11X8,PEYTONNAVY,AY19,M | F87: 8772224 | G87: NOTEPAD,UN,SMALL,SEEJANEWORK
A88: 4 | B88: Dated & Forms | C88: Robert Giles | D88: 170282 | E88: CALENDAR,15X12,FLORAL,AY19,M | F88: 7165354 | G88: CALENDER,15X12,MO
A89: 4 | B89: Dated & Forms | C89: Robert Giles | D89: 387347 | E89: =VLOOKUP($D89,[3]By_SKU!$A$5:$B$29,2,FALSE) -> PLANNER,8X11,FLORAL,AY19,WM | F89: 7101327 | G89: PLANNER,8X11,AY20,WM
A90: 4 | B90: Dated & Forms | C90: Robert Giles | D90: 892763 | E90: PLANNER,8X11,PEYTNWHIT,AY19,WM | F90: 9564041 | G90: PLANNER,PEYTON,8.5X11,AY20,WM
A91: 4 | B91: Dated & Forms | C91: Robert Giles | D91: 889964 | E91: PLANNER,5X8,PEYTONWHIT,AY19,WM | F91: 9564088 | G91: PLANNER,PYTNWHT,5X8,AY20,WM
A92: 4 | B92: Dated & Forms | C92: Robert Giles | D92: 737321 | E92: DESKPAD,22X17,PEYTONWHT,AY19,M | F92: 9564315 | G92: DESKPAD,PEYTNWHT,22X17,AY20,WM
A93: 4 | B93: Dated & Forms | C93: Robert Giles | D93: 513471 | E93: CALENDAR,11X8,WHITE,AY19,M | F93: 9564410 | G93: WALL,CALL,PEYTNWHT,11X8,AY20,M
A94: 4 | B94: Dated & Forms | C94: Robert Giles | D94: 510699 | E94: DESKPAD,22X17,TEACHDOT,AY19,M | F94: 9669476 | G94: DESKPAD,22X17,AY20,MO
A95: 4 | B95: Dated & Forms | C95: Robert Giles | D95: 314688 | E95: PLANNER,8X11,PEYTONNVY,AY19,WM | F95: 9564433 | G95: PLANNER,PTONAVY,8.5X11,AY20,M
A96: 4 | B96: Dated & Forms | C96: Robert Giles | D96: 620301 | E96: PLANNER,5X8,PEYTONNAVY,AY19,WM | F96: 9564460 | G96: PLANNER,PTONAVY,5X8,AY20,WM
A97: 4 | B97: Dated & Forms | C97: Robert Giles | D97: 683096 | E97: CALENDAR,15X12,NAVY,AY19,M | F97: 9564474 | G97: WALLCAL,PEYTONNVY,15X12,AY20,M
A98: 4 | B98: Dated & Forms | C98: Robert Giles | D98: 746927 | E98: DESKPAD,22X17,ASDOT,AY19,M | F98: 9564530 | G98: DESKPAD,DOTS,22X17,AY20,M
A99: 4 | B99: Dated & Forms | C99: Robert Giles | D99: 564641 | E99: DRYERASE,36X24,MAHALO,AY19,M | F99: 9564548 | G99: LAMCAL,MAHALO,36X24,AY20,M
A100: 4 | B100: Dated & Forms | C100: Robert Giles | D100: 686417 | E100: PLANNER,MTHY,AY19,7.8X11.8,BLK | F100: 8772260 | G100: PLANNER,AAGCORE,MNTH,LG,BLACK
A101: 4 | B101: Dated & Forms | C101: Robert Giles | D101: 220202 | E101: DESKPAD,22X17,MAHALO,AY19,M | F101: 9564815 | G101: DESKPAD,MAHALO,22X17,AY20,M
... A111: 4 | B111: Dated & Forms | C111: Robert Giles | D111: 617603 | E111: PLANNER,WM,6X8,STELLAR,BU,AY19 | F111: 3693602 | G111: PLANNR,WM,6X8,STELLAR,BLU,AY20
A112: 4 | B112: Dated & Forms | C112: Robert Giles | D112: 513471 | E112: =VLOOKUP($D112,[3]By_SKU!$A$5:$B$29,2,FALSE) -> CALENDAR,11X8,WHITE,AY19,M | F112: 9565235 | G112: WALL,CALL,MAHALO,11X8,AY20,M
A113: 4 | B113: Dated & Forms | C113: Robert Giles | D113: 332447 | E113: =VLOOKUP($D113,[3]By_SKU!$A$5:$B$29,2,FALSE) -> PALNNER,8X11,TCHRDOT,AY19,WM | F113: 5953655 | G113: PLANNER,8X11,AY20,WM
A114: 4 | B114: Dated & Forms | C114: Robert Giles | D114: 170282 | E114: =VLOOKUP($D114,[3]By_SKU!$A$5:$B$29,2,FALSE) -> CALENDAR,15X12,FLORAL,AY19,M | F114: 9294315 | G114: WALLCAL,15X12,DOTS,AY20,M
A115: 4 | B115: Dated & Forms | C115: Robert Giles | D115: 510699 | E115: =VLOOKUP($D115,[3]By_SKU!$A$5:$B$29,2,FALSE) -> DESKPAD,22X17,TEACHDOT,AY19,M | F115: 9565239 | G115: DESKPAD,STRIPES,22X17,AY20,M
A116: 4 | B116: Dated & Forms | C116: Robert Giles | D116: 170282 | E116: =VLOOKUP($D116,[3]By_SKU!$A$5:$B$29,2,FALSE) -> CALENDAR,15X12,FLORAL,AY19,M | F116: 9565277 | G116: WALL,CALL,STRIPES,11X8,AY20,M
A117: 4 | B117: Dated & Forms | C117: Robert Giles | D117: 513471 | E117: CALENDAR,11X8,WHITE,AY19,M | F117: 8211081 | G117: WALLCAL,15X12,BARCELONA,AY20,M
...
